 Dungeon Crawl Stone Soup version 0.30-a0-176-gdd20fb75b6 (webtiles) character file.

Game seed: 15728378038970410163

434946 qw the Slayer (level 23, -10/166 HPs)
             Began as a Gargoyle Fighter on Oct 1, 2022.
             Was a High Priest of Okawaru.
             Mangled by a titan (51 damage)
             ... on level 5 of the Vaults.
             The game lasted 00:22:49 (44207 turns).

qw the Slayer (Gargoyle Fighter)                   Turns: 44207, Time: 00:22:50

Health: -10/166    AC: 72    Str: 30    XL:     23   Next: 99%
Magic:  26/30      EV: 10    Int:  7    God:    Okawaru [*****.]
Gold:   5287       SH: 22    Dex:  7    Spells: 22/22 levels left

rFire   . . .      SeeInvis +    Y - +9 broad axe (chaos)
rCold   + + +      Faith    .    B - +2 kite shield of the Endless Expanse {Rampage rC+++ Regen+ Int-3}
rNeg    + . .      Spirit   .    y - +9 crystal plate armour
rPois   inf        Reflect  +    E - +1 hat {SInv}
rElec   +          Harm     .    h - +1 cloak
rCorr   .          Rampage  +    x - +2 pair of gloves
Will    +....                    s - +0 pair of boots
Stlth   ..........               m - amulet of reflection
HPRegen 1.27/turn                v - ring "Xosia" {Will+ Slay+4}
MPRegen 0.22/turn                o - +4 ring of protection

@: about to teleport, weak-willed, heroic, finesse-ful, flying
A: sickness immunity, AC +17, big wings, negative energy resistance 1,
electricity resistance, torment resistance 1, petrification resistance, clumsy
1, passive freeze
}: 2/15 runes: decaying, gossamer
a: Renounce Religion, Heroism, Finesse, Duel


You were on level 5 of the Vaults.
You worshipped Okawaru.
Okawaru was extremely pleased with you.
You visited 7 branches of the dungeon, and saw 39 of its levels.
You visited the Abyss 1 time.
You visited 1 bazaar.

You collected 7895 gold pieces.
You spent 2608 gold pieces at shops.


Innate Abilities, Weirdness & Mutations

You are immune to sickness and miasma.
Your stone body is resilient. (AC +17)
You are immune to poison.
Your large and strong wings let you fly.
You resist negative energy. (rN+)
You are resistant to electric shocks. (rElec)
You are resistant to unholy torment.
You are immune to petrification.
You are clumsy. (Dex -2)
A frigid envelope surrounds you and freezes all who hurt you.


   Skills:
 + Level 23.6(27) Fighting
 - Level 18.0(23.0) Axes
 - Level 13.0(18.0) Throwing
 - Level 22.0(27) Armour
 - Level 5.2(10.2) Dodging
 - Level 19.0(24.0) Shields
 - Level 10.0 Invocations


You had 22 spell levels left.
You didn't know any spells.
Your spell library was empty.

Inventory:

Hand Weapons
 w - the +6 war axe of Diet Blood {freeze, rF- rN+++ rCorr Int-4}
   (You found it on level 5 of the Lair of Beasts)

   It freezes those it strikes, dealing additional cold damage.
   It can also slow down cold-blooded creatures.
   Int:       It affects your intelligence (-4).
   rF:        It makes you vulnerable to fire.
   rN:        It renders you almost immune to negative energy.
   rCorr:     It protects you from acid and corrosion.
 Y - a +9 broad axe of chaos (weapon)
Missiles
 f - 2 silver javelins
 A - 10 boomerangs (quivered)
 F - 5 javelins
Armour
 b - +0 acid dragon scales
 h - a +1 cloak (worn)
 p - a +0 tower shield
 s - a +0 pair of boots (worn)
 x - a +2 pair of gloves (worn)
 y - a +9 crystal plate armour (worn)
 z - the +3 scale mail "Dyumilya" {rF- rCorr Str+5}
   (You found it on level 11 of the Dungeon)

   Str:       It affects your strength (+5).
   rF:        It makes you vulnerable to fire.
   rCorr:     It protects you from acid and corrosion.
 B - the +2 kite shield of the Endless Expanse (worn) {Rampage rC+++ Regen+ Int-3}
   (You found it on level 13 of the Dungeon)

   Int:       It affects your intelligence (-3).
   rC:        It renders you almost immune to cold.
   Regen:     It increases your rate of health regeneration.
   Rampage:   It bestows one free step when moving towards enemies.
 E - a +1 hat of see invisible (worn)
 G - the +1 pair of gloves of Dramatic Exits {rElec rCorr Int-4 Dex-3}
   (Okawaru gifted it to you on level 2 of the Vaults)

   Int:       It affects your intelligence (-4).
   Dex:       It affects your dexterity (-3).
   rElec:     It insulates you from electricity.
   rCorr:     It protects you from acid and corrosion.
 I - the +2 helmet of the Fiend {Int+6}
   (You bought it in a shop in a bazaar)

   Int:       It affects your intelligence (+6).
 J - the +1 helmet of Luido {rC+}
   (You bought it in a shop in a bazaar)

   rC:        It protects you from cold.
 K - a scarf of resistance
 L - +9 gold dragon scales
Jewellery
 c - a ring of resist corrosion
 j - a ring of protection from cold
 m - an amulet of reflection (around neck)
 o - a +4 ring of protection (right hand)
 u - a ring of protection from cold
 v - the ring "Xosia" (left hand) {Will+ Slay+4}
   (You found it on level 5 of the Lair of Beasts)

   [ring of slaying]

   Slay:      It affects your accuracy & damage with ranged weapons and melee
   (+4).
   Will:      It increases your willpower.
 C - a ring of fire
 H - the ring of Qaminott {rF+ MP+9 Dex+2}
   (You acquired it on level 2 of the Depths)

   [ring of protection from fire]

   Dex:       It affects your dexterity (+2).
   rF:        It protects you from fire.
   MP:        It affects your magic capacity (+9).
 M - a ring of resist corrosion
Scrolls
 e - 5 scrolls of enchant weapon
 n - 20 scrolls of identify
 q - 6 scrolls of teleportation
Potions
 a - 5 potions of cancellation
 d - 12 potions of might
 g - 7 potions of mutation
 i - 18 potions of curing
 k - 14 potions of heal wounds
 l - 6 potions of lignification
 r - 2 potions of magic
 t - 10 potions of haste
 D - 3 potions of attraction

Dungeon Overview and Level Annotations

Branches:
Dungeon (15/15)            Temple (0/1) D:5            Lair (5/5) D:9
  Swamp (4/4) Lair:3       Spider (4/4) Lair:3        Slime (0/5) Lair:4
    Orc (2/2) D:10            Elf (0/3) Orc:2        Vaults (5/5) D:13
  Crypt (0/3) Vaults:2     Depths (4/4) D:15            Zot (0/5) Depths:4

Altars:
Ashenzari
Cheibriados
Nemelex Xobeh
Okawaru
Ru
Sif Muna
Trog
Uskayaw
Vehumet
Xom
Zin
The Shining One
Jiyva

Shops:
D:2 ((   D:3 [   D:4 !   D:5 *   D:7 *   D:8 ?   D:10 [   Orc:2 *?((=
Vaults:1 [   Depths:3 =   Depths:4 !

Portals:
Hell: Depths:1 Depths:2 Depths:3 Depths:4
Abyss: Depths:2 Depths:3 Depths:4
Pandemonium: Depths:2
Ziggurat: Depths:4
Trove: D:11 (give 17 scrolls of teleportation)

Annotations:
D:7 3 runed translucent doors, qw's ghost, novice GrFi
D:14 3 runed translucent doors, qw's ghost, journeyman GrFi
Lair:4 1 runed translucent door, qw's ghost, journeyman GrFi
Spider:4 3 runed translucent doors, qw's ghost, adept GrFi


Message History

The ettin is severely wounded.
You slash the titan! You burn the titan. You slash the frost giant!
The frost giant's magic leaks into the air.
You completely miss the deep elf death mage.
You block the vault guard's attack.
The deep elf death mage hits you but does no damage.
The deep elf death mage is very cold.
The deep elf death mage is moderately wounded.
The vault warden hits you from afar with a +0 glaive!
You block the vault guard's attack. You block the tengu reaver's attack.
You block the vault guard's attack.
The frost giant points at you and mumbles some strange words.
The bolt of cold hits you but does no damage.
The titan hits you!!
The titan is very cold.
The titan is heavily wounded.
44206 ||| READING 7 scrolls of teleportation.
As you read the scroll of teleportation, it crumbles to dust.
You feel strangely unstable.
The frost giant's magic is no longer disrupted.
The ettin hits you with a +0 dire flail.
The ettin is very cold.
The ettin is severely wounded.
The ettin misses you. You block the titan's attack.
The frost giant casts a spell at you. The bolt of cold misses you.
The deep elf death mage hits you but does no damage.
The deep elf death mage is very cold.
The deep elf death mage is heavily wounded.
You block the vault guard's attack. x2
The vault warden hits you from afar with a +0 glaive!
The vault guard hits you but does no damage.
The ettin hits you but does no damage.
The ettin is very cold.
The ettin is severely wounded.
The ettin misses you. You block the tengu reaver's attack.
The sphinx mumbles some strange words.
You resist with significant effort.
44207 ||| DRINKING 15 potions of heal wounds.
You feel much better.
The runic seals fade away.
The titan hits you!!!
You die...

#.#....# .#
#.#.(..##D.
##.#....#...
...........
#####........##
.........p.....
......HCC<.....
......)@e.<....
......)C¤Q.....
####..p.ppD..##
......e......
..##.......#.##
# ##.#....# .[
#.#....# #
..#D...#


You could see a shadow dragon, an iron dragon, a titan (berserk, strong), a
storm dragon, a frost giant, a sphinx, a vault warden, a tengu reaver, 3 vault
guards, 2 deep elf death magi and an ettin (fast).

Vanquished Creatures
  Mara (Spider:3)
  Mennas (Vaults:3)
  Boris (Depths:4)
  Margery (Vaults:3)
  4 caustic shrikes (Depths:4)
  2 golden dragons
  Nikola (Swamp:4)
  Arachne (Spider:2)
  A Tzitzimitl (Depths:3)
  2 doom hounds (Depths:3)
  3 tentacled monstrosities
  Mlioglotl (Spider:3)
  4 liches
  Grunn (Depths:3)
  A titan (Depths:3)
  A walking frostbound tome (Depths:2)
  5 sphinxes
  Kirke (Spider:1)
  4 thorn hunters
  3 tengu reavers
  Roxanne (D:14)
  2 storm dragons
  Donald (Orc:2)
  A fenstrider witch (Depths:4)
  12 fire giants
  A draconian knight (Depths:4)
  A draconian monk (Depths:4)
  7 frost giants
  6 vault wardens
  A deep elf sorcerer (Vaults:3)
  4 ghost moths
  4 emperor scorpions
  A balrug (Depths:3)
  Aizul (Spider:1)
  2 orc warlords (Orc:2)
  35 very ugly things
  2 reapers (Depths:3)
  2 broodmothers
  2 spriggan defenders
  11 ironbound thunderhulks
  13 ironbound preservers
  A war gargoyle (Vaults:3)
  11 stone giants
  2 putrid mouths (Depths:3)
  6 eleionomae
  A red draconian (Depths:4)
  2 black draconians (Depths:4)
  2 vampire knights
  Azrael (Spider:1)
  A white draconian (Depths:4)
  8 dire elephants
  A bunyip (Swamp:4)
  2 eidola (Vaults:2)
  A crystal guardian (Vaults:1)
  5 spark wasps
  9 fire dragons
  7 entropy weavers
  11 ettins
  13 yaktaur captains
  An entropy weaver (shapeshifter) (Depths:2)
  Josephine (D:15)
  2 shambling mangroves (Swamp:2)
  Fannar (Lair:1)
  24 vault guards
  A deep elf high priest (Vaults:3)
  3 great orbs of eyes
  Harold (Lair:1)
  5 rakshasas
  A catoblepas (Lair:5)
  7 ice dragons
  16 centaur warriors
  A peacekeeper (Vaults:1)
  21 hydras
  5 radroaches
  3 ogre magi
  6 alligators
  2 jorogumos (Spider:4)
  7 spriggan air magi
  5 boulder beetles
  A death yak (Vaults:1)
  5 deep troll shamans
  10 ironbound frosthearts
  7 tengu warriors
  6 death scarabs (Spider:4)
  14 two-headed ogres
  A spectral emperor scorpion (Spider:4)
  4 hell hogs (Depths:3)
  10 deep troll earth magi
  6 hell knights
  3 vampire magi
  Sonja (Orc:2)
  7 spriggan berserkers
  2 orc high priests (Orc:2)
  3 soul eaters (Depths:3)
  Amaemon (Lair:2)
  10 iron trolls
  A fire crab (D:14)
  2 sun demons (Depths:3)
  4 skeletal warriors
  3 sun moths
  A glowing orange brain (shapeshifter) (Vaults:2)
  3 spriggan druids
  6 bog bodies
  11 pharaoh ants
  8 steelbarb worms
  43 deep trolls
  4 goliath frogs
  5 glowing orange brains
  A flayed ghost (Vaults:2)
  9 orb spiders
  A necromancer (Vaults:3)
  7 swamp dragons
  A harpy (D:14)
  A phantasmal warrior (Vaults:5)
  13 ironbound convokers
  2 spectral wolf spiders (Spider:4)
  15 wizards
  83 ugly things
  4 lindwurms
  4 orc sorcerers
  9 orc knights
  A shining eye (shapeshifter) (Vaults:2)
  2 deep elf pyromancers
  3 manticores
  A wolf spider zombie (Spider:4)
  11 cyclopes
  An ugly thing (shapeshifter) (Depths:2)
  8 moths of wrath
  18 wolf spiders
  7 will-o-the-wisps
  A salamander (Depths:3)
  15 vault sentinels
  11 elephants
  2 black mambas
  An orange demon (Lair:2)
  A guardian serpent (shapeshifter) (Depths:2)
  4 torpor snails
  A gargoyle (D:12)
  25 cane toads
  An unseen horror (shapeshifter) (Depths:4)
  3 spectral redbacks (Spider:4)
  2 smoke demons
  3 unseen horrors (D:12)
  6 rime drakes
  A kobold demonologist (D:11)
  12 demonic crawlers
  8 komodo dragons
  4 redback zombies (Spider:4)
  A tormentor (Depths:3)
  A freezing wraith (Vaults:3)
  31 yaktaurs
  5 tengu conjurers
  An efreet (D:14)
  2 ice devils (Lair:2)
  A wolf spider simulacrum (D:14)
  15 trolls
  A bloated husk (Swamp:2)
  7 meliai
  13 tyrant leeches
  16 blink frogs
  2 spectral jumping spiders (Spider:4)
  A spectral tarantella (Spider:4)
  2 culicivora zombies (Spider:4)
  12 slime creatures
  14 hornets
  A jumping spider zombie (Spider:4)
  28 tarantellas
  A spectral culicivora (Spider:4)
  12 dream sheep (Lair:5)
  37 jumping spiders
  A shapeshifter (Depths:3)
  4 shadows
  21 culicivoras
  14 spriggans
  6 fire elementals (Spider:1)
  6 basilisks
  6 water elementals
  A large abomination (Abyss:2)
  5 wraiths
  6 wyverns
  3 humans
  48 yaks
  3 hogs (Spider:1)
  59 redbacks
  2 steam dragons
  A neqoxec (Depths:3)
  34 vampire mosquitoes
  22 swamp worms
  9 wargs (Orc:2)
  12 water moccasins
  3 acid dragons
  Menkaure (D:4)
  4 hell hounds
  6 swamp drakes
  5 black bears
  23 orc warriors
  2 ice beasts
  4 wolves (Lair:4)
  A tengu (shapeshifter) (D:14)
  3 boggarts (Vaults:3)
  22 ogres
  9 centaurs
  2 phantoms
  3 kobold brigands
  A small abomination (Abyss:2)
  20 bullfrogs
  A necrophage (D:8)
  6 scorpions
  8 wights
  A troll zombie (D:10)
  11 killer bees
  2 electric eels (Lair:5)
  5 howler monkeys
  5 jellies
  4 hounds
  14 orc priests
  A gnoll bouda (D:5)
  6 iguanas
  Jessica (D:3)
  35 orc wizards
  7 hell rats
  5 ogre zombies (D:10)
  5 gnolls (D:5)
  14 adders
  4 white imps
  3 worms
  5 dart slugs
  73 orcs
  8 endoplasms
  A giant cockroach (D:4)
  2 goblins
  8 hobgoblins
  5 quokkas
  7 ball pythons
  5 bats
  2 frilled lizards
  A goblin skeleton (D:10)
  2 goblin zombies (D:10)
  A hobgoblin skeleton (D:10)
  2 hobgoblin zombies (D:10)
  25 kobolds
  2 orc skeletons (D:10)
  11 orc zombies (D:10)
  8 rats
1713 creatures vanquished.

Vanquished Creatures (others)
  A bog body (Swamp:4)
  A will-o-the-wisp (Swamp:2)
  A boggart (Vaults:3)
  A small abomination (Abyss:2)
  A killer bee (D:7)
  3 briar patches (Swamp:4)
  28 foxfires
  34 fungi
  101 plants
171 creatures vanquished.

Grand Total: 1884 creatures vanquished

Notes
Turn   | Place    | Note
-------+----------+-------------------------------------------
     0 | D:1      | qw the Gargoyle Fighter began the quest for the Orb.
     0 | D:1      | Reached XP level 1. HP: 14/14 MP: 1/1
     0 | D:1      | 0 ||| qw: Version: 0.2-a-13-gfc7b4b4
     0 | D:1      | 0 ||| qw: Game counter: 1967
     0 | D:1      | 0 ||| qw: Always use a shield: true
     0 | D:1      | 0 ||| qw: God list: Okawaru
     0 | D:1      | 0 ||| qw: Allow faded altars: false
     0 | D:1      | 0 ||| qw: Do Orc after D:15 true
     0 | D:1      | 0 ||| qw: Do second Lair branch before Depths: true
     0 | D:1      | 0 ||| qw: Lair rune preference: random
     0 | D:1      | 0 ||| qw: Plans: Normal, Zot:1-4, God:TSO, Crypt, Tomb,
                  | Pan, Slime:5, Hells, Abyss, Orb
     0 | D:1      | 0 ||| PLANNING D:1-11
   190 | D:1      | 190 ||| Stepping ~*~*~tactically~*~*~ (stealth).
   316 | D:1      | Reached XP level 2. HP: 19/19 MP: 2/2
   387 | D:1      | 387 ||| Stepping ~*~*~tactically~*~*~ (stealth).
   389 | D:1      | 389 ||| Stepping ~*~*~tactically~*~*~ (stealth).
   851 | D:1      | 851 ||| READING 3 scrolls labelled ZOCHYST XAOL.
   852 | D:1      | 852 ||| READING scroll labelled RUDINIDEUT.
   853 | D:1      | 853 ||| READING scroll labelled ZOEXTE XIJEKE.
   854 | D:1      | 854 ||| READING scroll labelled GIUFIS ICOUT.
   859 | D:1      | 859 ||| DROPPING 2 scrolls of immolation.
   898 | D:2      | 898 ||| Stepping ~*~*~tactically~*~*~ (stealth).
   915 | D:2      | Reached skill level 3 in Axes
   915 | D:2      | Reached XP level 3. HP: 20/23 MP: 3/3
  1015 | D:2      | Found Haem's Antique Weapon Shoppe.
  1024 | D:2      | 1024 ||| BUYING mace (57 gold).
  1024 | D:2      | Bought a mace for 57 gold pieces
  1024 | D:2      | 1024 ||| DROPPING +0 club.
  1305 | D:2      | Reached XP level 4. HP: 26/28 MP: 4/4
  1344 | D:2      | Found a faded altar of an unknown god.
  1377 | D:2      | Found a shimmering altar of Xom.
  1387 | D:2      | Found Duleje's Weapon Shoppe.
  1395 | D:2      | 1395 ||| SHOPLISTING +1 vampiric broad axe (209 gold, have
                  | 57).
  1520 | D:2      | 1520 ||| Stepping ~*~*~tactically~*~*~ (hiding).
  1678 | D:2      | 1678 ||| Stepping ~*~*~tactically~*~*~ (stealth).
  1680 | D:2      | 1680 ||| Stepping ~*~*~tactically~*~*~ (stealth).
  1768 | D:2      | 1768 ||| UPGRADING to +1 cloak.
  1773 | D:2      | 1773 ||| READING scroll labelled JODOINE LORPHEGH.
  1774 | D:2      | 1774 ||| READING scroll labelled JANUCA CACHIUK.
  1775 | D:2      | 1775 ||| READING scroll labelled ANUZIZ ZUKUYS.
  1845 | D:3      | Found Poasun's Antique Armour Boutique.
  1851 | D:3      | 1851 ||| SHOPLISTING bloodstained ring mail (171 gold, have
                  | 76).
  1851 | D:3      | 1851 ||| SHOPLISTING chain mail (85 gold, have 76).
  1851 | D:3      | 1851 ||| SHOPLISTING embroidered scarf (152 gold, have 76).
  1851 | D:3      | 1851 ||| SHOPLISTING encrusted leather armour (133 gold,
                  | have 76).
  1851 | D:3      | 1851 ||| SHOPLISTING glowing ring mail (133 gold, have 76).
  1851 | D:3      | 1851 ||| SHOPLISTING helmet (85 gold, have 76).
  1851 | D:3      | 1851 ||| SHOPLISTING shiny kite shield (142 gold, have 76).
  2055 | D:3      | Found a snail-covered altar of Cheibriados.
  2055 | D:3      | Found a shimmering blue altar of Sif Muna.
  2063 | D:3      | Found an iron altar of Okawaru.
  2064 | D:3      | 2064 ||| PLANNING OKAWARU WORSHIP
  2064 | D:3      | 2064 ||| FLEEEEING.
  2067 | D:3      | 2067 ||| FLEEEEING.
  2068 | D:3      | 2068 ||| FLEEEEING.
  2069 | D:3      | 2069 ||| FLEEEEING.
  2071 | D:3      | 2071 ||| FLEEEEING.
  2073 | D:3      | 2073 ||| FLEEEEING.
  2074 | D:3      | 2074 ||| FLEEEEING.
  2075 | D:3      | 2075 ||| FLEEEEING.
  2076 | D:3      | 2076 ||| FLEEEEING.
  2077 | D:3      | 2077 ||| FLEEEEING.
  2078 | D:3      | 2078 ||| FLEEEEING.
  2079 | D:3      | 2079 ||| FLEEEEING.
  2080 | D:3      | 2080 ||| FLEEEEING.
  2081 | D:3      | 2081 ||| FLEEEEING.
  2082 | D:3      | 2082 ||| FLEEEEING.
  2083 | D:3      | 2083 ||| FLEEEEING.
  2084 | D:3      | 2084 ||| FLEEEEING.
  2089 | D:3      | 2089 ||| FLEEEEING.
  2090 | D:3      | 2090 ||| FLEEEEING.
  2091 | D:3      | 2091 ||| FLEEEEING.
  2092 | D:3      | 2092 ||| FLEEEEING.
  2093 | D:3      | 2093 ||| FLEEEEING.
  2094 | D:3      | 2094 ||| FLEEEEING.
  2096 | D:3      | 2096 ||| FLEEEEING.
  2097 | D:3      | 2097 ||| FLEEEEING.
  2098 | D:3      | 2098 ||| FLEEEEING.
  2099 | D:3      | 2099 ||| FLEEEEING.
  2101 | D:3      | 2101 ||| FLEEEEING.
  2102 | D:3      | 2102 ||| FLEEEEING.
  2104 | D:3      | 2104 ||| FLEEEEING.
  2105 | D:3      | 2105 ||| FLEEEEING.
  2106 | D:3      | 2106 ||| FLEEEEING.
  2107 | D:3      | 2107 ||| FLEEEEING.
  2108 | D:3      | 2108 ||| FLEEEEING.
  2109 | D:3      | 2109 ||| FLEEEEING.
  2110 | D:3      | 2110 ||| STAIRDANCE
  2112 | D:2      | 2112 ||| READING 2 scrolls of identify.
  2112 | D:2      | 2112 ||| IDENTIFYING bubbling sapphire potion
  2117 | D:3      | 2117 ||| STAIRDANCE
  2168 | D:3      | Found a faded altar of an unknown god.
  2170 | D:3      | Found a radiant altar of Vehumet.
  2174 | D:3      | Became a worshipper of Warmaster Okawaru
  2175 | D:3      | 2175 ||| PLANNING D:1-11
  2257 | D:3      | Reached XP level 5. HP: 32/32 MP: 5/5
  2452 | D:3      | 2452 ||| DROPPING +0 mace.
  2505 | D:3      | 2505 ||| Stepping ~*~*~tactically~*~*~ (stealth).
  2506 | D:3      | 2506 ||| Stepping ~*~*~tactically~*~*~ (stealth).
  2507 | D:3      | 2507 ||| Stepping ~*~*~tactically~*~*~ (stealth).
  2509 | D:3      | 2509 ||| Stepping ~*~*~tactically~*~*~ (stealth).
  2510 | D:3      | 2510 ||| Stepping ~*~*~tactically~*~*~ (stealth).
  2668 | D:3      | 2668 ||| Stepping ~*~*~tactically~*~*~ (stealth).
  2671 | D:3      | 2671 ||| Stepping ~*~*~tactically~*~*~ (stealth).
  2677 | D:3      | Noticed Jessica
  2679 | D:3      | 2679 ||| Stepping ~*~*~tactically~*~*~ (hiding).
  2683 | D:3      | Killed Jessica
  2730 | D:3      | 2730 ||| Stepping ~*~*~tactically~*~*~ (stealth).
  2826 | D:3      | Reached skill level 4 in Fighting
  2855 | D:3      | Noticed a black bear
  2859 | D:3      | Killed a black bear
  2860 | D:3      | Reached XP level 6. HP: 11/38 MP: 6/6
  3049 | D:3      | 3049 ||| UPGRADING to amulet of reflection.
  3054 | D:3      | 3054 ||| UPGRADING to +4 ring of protection.
  3055 | D:3      | 3055 ||| DROPPING ring of wizardry.
  3056 | D:3      | 3056 ||| READING scroll labelled OXZENUACOI.
  3057 | D:3      | 3057 ||| READING 2 scrolls labelled FEIBRUTHIA.
  3058 | D:3      | 3058 ||| DRINKING 2 sapphire potions.
  3058 | D:3      | Gained mutation: A frigid envelope surrounds you and
                  | freezes all who hurt you. [potion of mutation]
  3058 | D:3      | Gained mutation: You are clumsy. (Dex -2) [potion of
                  | mutation]
  3059 | D:3      | 3059 ||| DRINKING 3 green potions.
  3060 | D:3      | 3060 ||| DROPPING scroll of fear.
  3110 | D:4      | 3110 ||| PLANNING OSSUARY
  3151 | D:4      | Found Gayhem's Distillery.
  3158 | D:4      | 3158 ||| BUYING potion of curing (39 gold).
  3158 | D:4      | Bought a potion of curing for 39 gold pieces
  3158 | D:4      | 3158 ||| BUYING potion of curing (39 gold).
  3158 | D:4      | Bought a potion of curing for 39 gold pieces
  3158 | D:4      | 3158 ||| SHOPLISTING potion of haste (130 gold, have 48).
  3158 | D:4      | 3158 ||| SHOPLISTING potion of heal wounds (65 gold, have
                  | 48).
  3265 | D:4      | Reached * piety under Okawaru
  3266 | D:4      | Reached skill level 6 in Axes
  3266 | D:4      | Reached XP level 7. HP: 43/43 MP: 7/7
  3432 | D:4      | 3432 ||| Stepping ~*~*~tactically~*~*~ (stealth).
  3437 | D:4      | 3437 ||| Stepping ~*~*~tactically~*~*~ (stealth).
  3446 | D:4      | 3446 ||| INVOKING Heroism.
  3449 | D:4      | Reached skill level 1 in Invocations
  3479 | D:4      | Noticed Menkaure
  3480 | D:4      | 3480 ||| INVOKING Heroism.
  3488 | D:4      | Killed Menkaure
  3732 | D:4      | 3732 ||| RIP OSSUARY
  3737 | D:4      | 3737 ||| PLANNING D:1-11
  4172 | D:4      | 4172 ||| UPGRADING to +0 helmet.
  4177 | D:4      | 4177 ||| DROPPING scarf of invisibility.
  4178 | D:4      | 4178 ||| UPGRADING to +0 chain mail.
  4188 | D:4      | 4188 ||| DROPPING +0 scale mail.
  4189 | D:4      | 4189 ||| READING scroll labelled QUYXYXK HICA.
  4190 | D:4      | 4190 ||| READING scroll labelled SIXYFA GEZAIL.
  4191 | D:4      | 4191 ||| DRINKING 2 fuming clear potions.
  4192 | D:4      | 4192 ||| READING 2 scrolls of identify.
  4192 | D:4      | 4192 ||| IDENTIFYING lumpy orange potion
  4193 | D:4      | 4193 ||| DROPPING potion of invisibility.
  4197 | D:5      | Entered Level 5 of the Dungeon
  4197 | D:5      | Found Azxecygio's Lightly-Used Armoury.
  4214 | D:5      | 4214 ||| SHOPLISTING -1 demon whip (150 gold, have 96).
  4214 | D:5      | 4214 ||| BUYING -3 demon whip (1 gold).
  4214 | D:5      | Bought a -3 demon whip for 1 gold piece
  4214 | D:5      | 4214 ||| DROPPING +0 flail.
  4272 | D:5      | 4272 ||| Stepping ~*~*~tactically~*~*~ (hiding).
  4277 | D:5      | Reached skill level 3 in Invocations
  4333 | D:5      | Found a staircase to the Ecumenical Temple.
  4495 | D:5      | 4495 ||| INVOKING Heroism.
  4498 | D:5      | Reached XP level 8. HP: 48/48 MP: 7/10
  4527 | D:5      | 4527 ||| Stepping ~*~*~tactically~*~*~ (hiding).
  4530 | D:5      | 4530 ||| Stepping ~*~*~tactically~*~*~ (hiding).
  4543 | D:5      | 4543 ||| Stepping ~*~*~tactically~*~*~ (stealth).
  4548 | D:5      | 4548 ||| Stepping ~*~*~tactically~*~*~ (hiding).
  4549 | D:5      | 4549 ||| Stepping ~*~*~tactically~*~*~ (hiding).
  4551 | D:5      | 4551 ||| INVOKING Heroism.
  4566 | D:5      | 4566 ||| Stepping ~*~*~tactically~*~*~ (stealth).
  4568 | D:5      | 4568 ||| Stepping ~*~*~tactically~*~*~ (stealth).
  4574 | D:5      | 4574 ||| INVOKING Heroism.
  4578 | D:5      | Reached ** piety under Okawaru
  4579 | D:5      | Reached skill level 5 in Fighting
  4871 | D:5      | 4871 ||| INVOKING Heroism.
  4943 | D:5      | 4943 ||| INVOKING Heroism.
  5180 | D:5      | 5180 ||| DROPPING orb of mayhem.
  5181 | D:5      | 5181 ||| UPGRADING to +0 plate armour.
  5191 | D:5      | 5191 ||| DROPPING +0 chain mail.
  5192 | D:5      | 5192 ||| UPGRADING to +0 crystal plate armour.
  5202 | D:5      | 5202 ||| DROPPING +0 plate armour.
  5203 | D:5      | 5203 ||| READING 3 scrolls labelled EKIOFE NOAKLI.
  5204 | D:5      | 5204 ||| DRINKING 3 sedimented silvery potions.
  5205 | D:5      | 5205 ||| DRINKING 2 metallic white potions.
  5206 | D:5      | 5206 ||| DROPPING 2 potions of degeneration.
  5207 | D:5      | 5207 ||| DROPPING potion of flight.
  5208 | D:5      | 5208 ||| DROPPING 2 scrolls of butterflies.
  5254 | D:6      | Reached XP level 9. HP: 54/54 MP: 12/12
  5318 | D:6      | 5318 ||| INVOKING Heroism.
  5418 | D:6      | 5418 ||| Stepping ~*~*~tactically~*~*~ (hiding).
  5444 | D:6      | 5444 ||| INVOKING Heroism.
  5460 | D:6      | 5460 ||| INVOKING Heroism.
  5539 | D:6      | 5539 ||| INVOKING Heroism.
  5546 | D:6      | Reached skill level 6 in Armour
  5596 | D:6      | 5596 ||| INVOKING Heroism.
  5847 | D:6      | 5847 ||| READING scroll labelled IRGHITH KECOWOE.
  5848 | D:6      | 5848 ||| DRINKING 2 fizzy green potions.
  5849 | D:6      | 5849 ||| READING 2 scrolls of identify.
  5849 | D:6      | 5849 ||| IDENTIFYING fizzy emerald potion
  5850 | D:6      | 5850 ||| DROPPING potion of ambrosia.
  5851 | D:6      | 5851 ||| DROPPING potion of brilliance.
  5867 | D:7      | Noticed a boulder beetle
  5908 | D:7      | 5908 ||| INVOKING Heroism.
  5913 | D:7      | Reached skill level 6 in Fighting
  5915 | D:7      | 5915 ||| Stepping ~*~*~tactically~*~*~ (hiding).
  5924 | D:7      | Reached *** piety under Okawaru
  5938 | D:7      | Reached skill level 9 in Axes
  6052 | D:7      | 6052 ||| Stepping ~*~*~tactically~*~*~ (hiding).
  6173 | D:7      | 6173 ||| INVOKING Heroism.
  6229 | D:7      | Found a runed translucent gate.
  6229 | D:7      | Found a runed translucent gate.
  6230 | D:7      | Found a runed translucent gate.
  6231 | D:7      | 6231 ||| INVOKING Heroism.
  6236 | D:7      | Noticed qw's ghost (novice GrFi)
  6279 | D:7      | 6279 ||| INVOKING Heroism.
  6352 | D:7      | 6352 ||| READING scroll of enchant armour.
  6352 | D:7      | 6352 ||| ENCHANTING +0 crystal plate armour.
  6488 | D:7      | 6488 ||| INVOKING Heroism.
  6514 | D:7      | 6514 ||| INVOKING Heroism.
  6530 | D:7      | Found Rynwot's Fire Supplies.
  6544 | D:7      | 6544 ||| SHOPLISTING ring of fire (325 gold, have 311).
  6544 | D:7      | 6544 ||| SHOPLISTING ring of protection from fire (325
                  | gold, have 311).
  6635 | D:7      | 6635 ||| READING scroll labelled NURAEZYLUA.
  6672 | D:7      | 6672 ||| DRINKING 2 fizzy inky potions.
  6672 | D:7      | Reached XP level 10. HP: 60/60 MP: 13/13
  6673 | D:7      | 6673 ||| DRINKING potion of experience.
  6673 | D:7      | Reached skill level 11 in Fighting
  6673 | D:7      | Reached XP level 11. HP: 74/74 MP: 14/14
  6674 | D:7      | 6674 ||| READING 2 scrolls of identify.
  6674 | D:7      | 6674 ||| IDENTIFYING fuming golden potion
  6755 | D:8      | Noticed a two-headed ogre
  6756 | D:8      | 6756 ||| INVOKING Heroism.
  6763 | D:8      | Killed a two-headed ogre
  6764 | D:8      | Reached XP level 12. HP: 54/80 MP: 13/15
  6952 | D:8      | 6952 ||| Stepping ~*~*~tactically~*~*~ (stealth).
  6955 | D:8      | 6955 ||| Stepping ~*~*~tactically~*~*~ (stealth).
  7128 | D:8      | 7128 ||| Stepping ~*~*~tactically~*~*~ (cloud).
  7129 | D:8      | 7129 ||| INVOKING Heroism.
  7136 | D:8      | 7136 ||| Stepping ~*~*~tactically~*~*~ (cloud).
  7139 | D:8      | 7139 ||| Stepping ~*~*~tactically~*~*~ (cloud).
  7162 | D:8      | 7162 ||| Stepping ~*~*~tactically~*~*~ (stealth).
  7256 | D:8      | 7256 ||| Stepping ~*~*~tactically~*~*~ (hiding).
  7279 | D:8      | 7279 ||| Stepping ~*~*~tactically~*~*~ (stealth).
  7282 | D:8      | 7282 ||| Stepping ~*~*~tactically~*~*~ (stealth).
  7284 | D:8      | 7284 ||| Stepping ~*~*~tactically~*~*~ (hiding).
  7285 | D:8      | 7285 ||| Stepping ~*~*~tactically~*~*~ (hiding).
  7450 | D:8      | Found Sunwi's Magic Scroll Shop.
  7466 | D:8      | 7466 ||| BUYING scroll of enchant armour (90 gold).
  7466 | D:8      | Bought a scroll of enchant armour for 90 gold pieces
  7466 | D:8      | 7466 ||| BUYING scroll of identify (24 gold).
  7466 | D:8      | Bought a scroll of identify for 24 gold pieces
  7466 | D:8      | 7466 ||| BUYING scroll of identify (24 gold).
  7466 | D:8      | Bought a scroll of identify for 24 gold pieces
  7466 | D:8      | 7466 ||| BUYING scroll of identify (24 gold).
  7466 | D:8      | Bought a scroll of identify for 24 gold pieces
  7466 | D:8      | 7466 ||| BUYING scroll of identify (24 gold).
  7466 | D:8      | Bought a scroll of identify for 24 gold pieces
  7466 | D:8      | 7466 ||| BUYING scroll of teleportation (36 gold).
  7466 | D:8      | Bought a scroll of teleportation for 36 gold pieces
  7466 | D:8      | 7466 ||| READING scroll of enchant armour.
  7466 | D:8      | 7466 ||| ENCHANTING +1 crystal plate armour.
  7651 | D:9      | 7651 ||| INVOKING Heroism.
  7736 | D:9      | 7736 ||| Stepping ~*~*~tactically~*~*~ (stealth).
  7741 | D:9      | 7741 ||| Stepping ~*~*~tactically~*~*~ (stealth).
  7743 | D:9      | 7743 ||| Stepping ~*~*~tactically~*~*~ (stealth).
  7746 | D:9      | 7746 ||| INVOKING Heroism.
  7749 | D:9      | Received a gift from Okawaru
  7828 | D:9      | 7828 ||| Stepping ~*~*~tactically~*~*~ (stealth).
  7830 | D:9      | 7830 ||| Stepping ~*~*~tactically~*~*~ (hiding).
  7831 | D:9      | 7831 ||| Stepping ~*~*~tactically~*~*~ (hiding).
  7843 | D:9      | Reached **** piety under Okawaru
  7851 | D:9      | 7851 ||| FLEEEEING.
  7852 | D:9      | 7852 ||| FLEEEEING.
  7854 | D:9      | 7854 ||| FLEEEEING.
  7855 | D:9      | 7855 ||| FLEEEEING.
  7856 | D:9      | 7856 ||| FLEEEEING.
  7857 | D:9      | 7857 ||| FLEEEEING.
  7858 | D:9      | 7858 ||| FLEEEEING.
  7859 | D:9      | 7859 ||| FLEEEEING.
  7860 | D:9      | 7860 ||| FLEEEEING.
  7862 | D:9      | 7862 ||| FLEEEEING.
  7863 | D:9      | 7863 ||| FLEEEEING.
  7864 | D:9      | 7864 ||| FLEEEEING.
  7866 | D:9      | 7866 ||| FLEEEEING.
  7867 | D:9      | 7867 ||| FLEEEEING.
  7931 | D:9      | Found a staircase to the Lair.
  8111 | D:9      | 8111 ||| Stepping ~*~*~tactically~*~*~ (hiding).
  8115 | D:9      | 8115 ||| Stepping ~*~*~tactically~*~*~ (hiding).
  8118 | D:9      | 8118 ||| INVOKING Heroism.
  8353 | D:9      | Found a hide-covered altar of Uskayaw.
  8355 | D:9      | 8355 ||| PLANNING LAIR
  8355 | D:9      | 8355 ||| UPGRADING to ring of protection from cold.
  8402 | Lair:1   | Entered Level 1 of the Lair of Beasts
  8515 | Lair:1   | Identified the +5 whip of Emmicuf {freeze, Fly Dex+3}
  8574 | Lair:1   | 8574 ||| INVOKING Heroism.
  8613 | Lair:1   | 8613 ||| INVOKING Heroism.
  8750 | Lair:1   | 8750 ||| INVOKING Heroism.
  8849 | Lair:1   | Reached skill level 6 in Invocations
  8873 | Lair:1   | 8873 ||| INVOKING Heroism.
  8894 | Lair:1   | Reached ***** piety under Okawaru
  9006 | Lair:1   | 9006 ||| INVOKING Heroism.
  9112 | Lair:1   | Noticed Harold
  9113 | Lair:1   | 9113 ||| INVOKING Heroism.
  9115 | Lair:1   | Noticed Fannar
  9125 | Lair:1   | Killed Harold
  9126 | Lair:1   | Reached XP level 13. HP: 78/84 MP: 16/18
  9146 | Lair:1   | Killed Fannar
  9147 | Lair:1   | Reached skill level 3 in Throwing
  9395 | Lair:1   | 9395 ||| UPGRADING to +0 pair of boots.
  9400 | Lair:1   | 9400 ||| DROPPING amulet of regeneration.
  9486 | Lair:2   | Noticed Amaemon
  9487 | Lair:2   | 9487 ||| INVOKING Heroism.
  9495 | Lair:2   | Killed Amaemon
  9495 | Lair:2   | Received a gift from Okawaru
  9509 | Lair:2   | 9509 ||| DROPPING -3 demon whip.
  9773 | Lair:2   | Found a broken altar of Ashenzari.
  9793 | Lair:2   | 9793 ||| Stepping ~*~*~tactically~*~*~ (stealth).
  9794 | Lair:2   | 9794 ||| Stepping ~*~*~tactically~*~*~ (stealth).
  9801 | Lair:2   | Received a gift from Okawaru
  9804 | Lair:2   | Found a frozen archway.
  9805 | Lair:2   | 9805 ||| Stepping ~*~*~tactically~*~*~ (stealth).
  9806 | Lair:2   | 9806 ||| Stepping ~*~*~tactically~*~*~ (stealth).
  9915 | Lair:2   | 9915 ||| INVOKING Heroism.
  9916 | Lair:2   | 9916 ||| INVOKING Finesse.
  9918 | Lair:2   | 9918 ||| SWAPPING to -2 demon whip of venom.
  9924 | Lair:2   | 9924 ||| SWAPPING to +0 war axe of electrocution.
  9986 | Lair:2   | 9986 ||| INVOKING Heroism.
  9988 | Lair:2   | Received a gift from Okawaru
  9994 | Lair:2   | Reached skill level 9 in Invocations
 10003 | Lair:2   | 10003 ||| SWAPPING to +7 broad axe of freezing.
 10004 | Lair:2   | 10004 ||| DROPPING +0 war axe of electrocution.
 10086 | Lair:2   | 10086 ||| INVOKING Heroism.
 10087 | Lair:2   | 10087 ||| INVOKING Finesse.
 10089 | Lair:2   | 10089 ||| SWAPPING to -2 demon whip of venom.
 10096 | Lair:2   | 10096 ||| SWAPPING to +7 broad axe of freezing.
 10391 | Lair:3   | 10391 ||| STAIRDANCE
 10396 | Lair:2   | Reached skill level 12 in Axes
 10410 | Lair:3   | Found a staircase to the Swamp.
 10421 | Lair:3   | 10421 ||| Stepping ~*~*~tactically~*~*~ (stealth).
 10581 | Lair:3   | 10581 ||| INVOKING Heroism.
 10582 | Lair:3   | 10582 ||| SWAPPING to -2 demon whip of venom.
 10583 | Lair:3   | 10583 ||| INVOKING Finesse.
 10588 | Lair:3   | 10588 ||| SWAPPING to +7 broad axe of freezing.
 10675 | Lair:3   | 10675 ||| INVOKING Heroism.
 10774 | Lair:3   | 10774 ||| INVOKING Heroism.
 10775 | Lair:3   | 10775 ||| Stepping ~*~*~tactically~*~*~ (stealth).
 10776 | Lair:3   | 10776 ||| Stepping ~*~*~tactically~*~*~ (stealth).
 10777 | Lair:3   | 10777 ||| SWAPPING to -2 demon whip of venom.
 10778 | Lair:3   | 10778 ||| INVOKING Finesse.
 10781 | Lair:3   | Reached skill level 6 in Shields
 10781 | Lair:3   | 10781 ||| SWAPPING to +7 broad axe of freezing.
 10933 | Lair:3   | 10933 ||| INVOKING Heroism.
 11017 | Lair:3   | 11017 ||| INVOKING Heroism.
 11023 | Lair:3   | 11023 ||| Stepping ~*~*~tactically~*~*~ (stealth).
 11025 | Lair:3   | 11025 ||| Stepping ~*~*~tactically~*~*~ (stealth).
 11219 | Lair:3   | Found a hole to the Spider Nest.
 11220 | Lair:3   | 11220 ||| INVOKING Finesse.
 11224 | Lair:3   | 11224 ||| READING scroll labelled YMIFYRPH JOKEMI.
 11225 | Lair:3   | 11225 ||| READING 3 scrolls of teleportation.
 11303 | Lair:4   | You fall into a shaft and drop 1 floor!
 11303 | Lair:5   | Entered Level 5 of the Lair of Beasts
 11415 | Lair:4   | 11415 ||| READING scroll of enchant weapon.
 11415 | Lair:4   | 11415 ||| ENCHANTING +8 broad axe of freezing.
 11508 | Lair:4   | 11508 ||| INVOKING Heroism.
 11596 | Lair:4   | 11596 ||| INVOKING Heroism.
 11597 | Lair:4   | 11597 ||| INVOKING Finesse.
 11599 | Lair:4   | 11599 ||| SWAPPING to -2 demon whip of venom.
 11609 | Lair:4   | 11609 ||| SWAPPING to +9 broad axe of freezing.
 11671 | Lair:4   | 11671 ||| Stepping ~*~*~tactically~*~*~ (stealth).
 11676 | Lair:4   | 11676 ||| INVOKING Heroism.
 11680 | Lair:4   | 11680 ||| Stepping ~*~*~tactically~*~*~ (stealth).
 11702 | Lair:4   | Found a staircase to the Slime Pits.
 11711 | Lair:4   | Received a gift from Okawaru
 11723 | Lair:4   | Found a runed translucent door.
 11724 | Lair:4   | Noticed qw's ghost (journeyman GrFi)
 11747 | Lair:4   | 11747 ||| INVOKING Heroism.
 11905 | Lair:4   | 11905 ||| Stepping ~*~*~tactically~*~*~ (stealth).
 11907 | Lair:4   | 11907 ||| Stepping ~*~*~tactically~*~*~ (stealth).
 12194 | Lair:4   | 12194 ||| UPGRADING to +2 buckler.
 12204 | Lair:4   | 12204 ||| DROPPING +0 buckler.
 12548 | Lair:5   | 12548 ||| STAIRDANCE
 12641 | Lair:5   | 12641 ||| INVOKING Heroism.
 12644 | Lair:5   | 12644 ||| STAIRDANCE
 12648 | Lair:4   | Gained mutation: Your large and strong wings let you fly.
                  | [Gargoyle growth]
 12648 | Lair:4   | Reached XP level 14. HP: 90/90 MP: 19/21
 12679 | Lair:5   | 12679 ||| STAIRDANCE
 12719 | Lair:5   | 12719 ||| STAIRDANCE
 12743 | Lair:5   | 12743 ||| STAIRDANCE
 12828 | Lair:5   | 12828 ||| INVOKING Heroism.
 12829 | Lair:5   | 12829 ||| SWAPPING to -2 demon whip of venom.
 12830 | Lair:5   | 12830 ||| INVOKING Finesse.
 12837 | Lair:5   | 12837 ||| SWAPPING to +9 broad axe of freezing.
 12838 | Lair:5   | 12838 ||| Stepping ~*~*~tactically~*~*~ (stealth).
 12844 | Lair:5   | 12844 ||| Stepping ~*~*~tactically~*~*~ (stealth).
 12851 | Lair:5   | 12851 ||| Stepping ~*~*~tactically~*~*~ (stealth).
 12855 | Lair:5   | 12855 ||| Stepping ~*~*~tactically~*~*~ (stealth).
 12904 | Lair:5   | 12904 ||| Stepping ~*~*~tactically~*~*~ (stealth).
 12911 | Lair:5   | 12911 ||| Stepping ~*~*~tactically~*~*~ (stealth).
 12913 | Lair:5   | 12913 ||| Stepping ~*~*~tactically~*~*~ (stealth).
 12918 | Lair:5   | 12918 ||| Stepping ~*~*~tactically~*~*~ (stealth).
 12921 | Lair:5   | 12921 ||| Stepping ~*~*~tactically~*~*~ (stealth).
 12922 | Lair:5   | Received a gift from Okawaru
 12923 | Lair:5   | 12923 ||| Stepping ~*~*~tactically~*~*~ (stealth).
 12925 | Lair:5   | 12925 ||| Stepping ~*~*~tactically~*~*~ (stealth).
 12930 | Lair:5   | 12930 ||| INVOKING Heroism.
 12975 | Lair:5   | 12975 ||| Stepping ~*~*~tactically~*~*~ (stealth).
 12977 | Lair:5   | 12977 ||| Stepping ~*~*~tactically~*~*~ (stealth).
 12998 | Lair:5   | 12998 ||| Stepping ~*~*~tactically~*~*~ (stealth).
 13013 | Lair:5   | 13013 ||| Stepping ~*~*~tactically~*~*~ (stealth).
 13019 | Lair:5   | 13019 ||| INVOKING Heroism.
 13020 | Lair:5   | Identified the +1 scale mail "Ganeg" {Int+2 Dex+3 Slay+3}
                  | (Okawaru gifted it to you on level 5 of the Lair of Beasts)
 13020 | Lair:5   | Received a gift from Okawaru
 13034 | Lair:5   | 13034 ||| Stepping ~*~*~tactically~*~*~ (stealth).
 13035 | Lair:5   | 13035 ||| Stepping ~*~*~tactically~*~*~ (stealth).
 13038 | Lair:5   | 13038 ||| READING scroll of enchant armour.
 13038 | Lair:5   | 13038 ||| ENCHANTING +2 crystal plate armour.
 13068 | Lair:5   | 13068 ||| Stepping ~*~*~tactically~*~*~ (stealth).
 13092 | Lair:5   | 13092 ||| FLEEEEING.
 13093 | Lair:5   | 13093 ||| FLEEEEING.
 13095 | Lair:5   | 13095 ||| FLEEEEING.
 13098 | Lair:5   | 13098 ||| FLEEEEING.
 13099 | Lair:5   | 13099 ||| FLEEEEING.
 13100 | Lair:5   | 13100 ||| STAIRDANCE
 13136 | Lair:4   | 13136 ||| UPGRADING to +0 pair of gloves.
 13235 | Lair:5   | 13235 ||| INVOKING Heroism.
 13244 | Lair:5   | 13244 ||| INVOKING Finesse.
 13334 | Lair:5   | 13334 ||| INVOKING Heroism.
 13435 | Lair:5   | 13435 ||| Stepping ~*~*~tactically~*~*~ (stealth).
 13436 | Lair:5   | 13436 ||| Stepping ~*~*~tactically~*~*~ (stealth).
 13448 | Lair:5   | 13448 ||| Stepping ~*~*~tactically~*~*~ (stealth).
 13449 | Lair:5   | 13449 ||| Stepping ~*~*~tactically~*~*~ (stealth).
 13452 | Lair:5   | 13452 ||| Stepping ~*~*~tactically~*~*~ (stealth).
 13453 | Lair:5   | 13453 ||| Stepping ~*~*~tactically~*~*~ (stealth).
 13647 | Lair:5   | 13647 ||| Stepping ~*~*~tactically~*~*~ (stealth).
 13691 | Lair:5   | 13691 ||| INVOKING Heroism.
 13692 | Lair:5   | 13692 ||| INVOKING Finesse.
 13696 | Lair:5   | 13696 ||| SWAPPING to -2 demon whip of venom.
 13709 | Lair:5   | 13709 ||| SWAPPING to +9 broad axe of freezing.
 13980 | Lair:5   | Identified the ring "Xosia" {Will+ Slay+4}
 13992 | Lair:5   | Identified the +6 war axe of Diet Blood {freeze, rF- rN+++
                  | rCorr Int-4}
 14122 | Lair:5   | 14122 ||| PLANNING D:1-11
 14122 | Lair:5   | 14122 ||| UPGRADING to ring "Xosia" {Will+ Slay+4}.
 14124 | Lair:5   | 14124 ||| UPGRADING to +4 ring of protection.
 14126 | Lair:5   | 14126 ||| READING scroll labelled DOUFOH YSARE.
 14219 | D:10     | Entered Level 10 of the Dungeon
 14245 | D:10     | 14245 ||| INVOKING Heroism.
 14246 | D:10     | 14246 ||| Stepping ~*~*~tactically~*~*~ (hiding).
 14256 | D:10     | Reached skill level 15 in Axes
 14321 | D:10     | 14321 ||| Stepping ~*~*~tactically~*~*~ (stealth).
 14324 | D:10     | 14324 ||| Stepping ~*~*~tactically~*~*~ (stealth).
 14329 | D:10     | 14329 ||| INVOKING Heroism.
 14480 | D:10     | Found a staircase to the Orcish Mines.
 14503 | D:10     | 14503 ||| Stepping ~*~*~tactically~*~*~ (stealth).
 14504 | D:10     | 14504 ||| Stepping ~*~*~tactically~*~*~ (stealth).
 14507 | D:10     | 14507 ||| Stepping ~*~*~tactically~*~*~ (stealth).
 14508 | D:10     | 14508 ||| Stepping ~*~*~tactically~*~*~ (stealth).
 14515 | D:10     | 14515 ||| Stepping ~*~*~tactically~*~*~ (stealth).
 14530 | D:10     | 14530 ||| Stepping ~*~*~tactically~*~*~ (stealth).
 14536 | D:10     | 14536 ||| Stepping ~*~*~tactically~*~*~ (stealth).
 14551 | D:10     | 14551 ||| Stepping ~*~*~tactically~*~*~ (stealth).
 14563 | D:10     | 14563 ||| Stepping ~*~*~tactically~*~*~ (stealth).
 14680 | D:10     | 14680 ||| INVOKING Heroism.
 14681 | D:10     | 14681 ||| Stepping ~*~*~tactically~*~*~ (stealth).
 14725 | D:10     | 14725 ||| READING scroll of enchant armour.
 14725 | D:10     | 14725 ||| ENCHANTING +3 crystal plate armour.
 14743 | D:10     | Found a glowing silver altar of Zin.
 14914 | D:10     | Found a sparkling altar of Nemelex Xobeh.
 15218 | D:10     | Found Turambar's Dragon-Slaying Spoils.
 15225 | D:10     | 15225 ||| SHOPLISTING +0 gold dragon scales (960 gold, have
                  | 770).
 15225 | D:10     | 15225 ||| SHOPLISTING +10 storm dragon scales of Exclusion
                  | {Fly rElec Will- Str+3} (1524 gold, have 770).
 15225 | D:10     | 15225 ||| SHOPLISTING +6 acid dragon scales "Joist" {+Inv
                  | rF- rCorr Str+5} (1050 gold, have 770).
 15272 | D:11     | 15272 ||| INVOKING Heroism.
 15297 | D:11     | 15297 ||| Stepping ~*~*~tactically~*~*~ (hiding).
 15320 | D:11     | Identified the +8 scimitar of Zaaxut {vamp, Int+2}
 15322 | D:11     | 15322 ||| Stepping ~*~*~tactically~*~*~ (stealth).
 15328 | D:11     | 15328 ||| Stepping ~*~*~tactically~*~*~ (stealth).
 15329 | D:11     | 15329 ||| Stepping ~*~*~tactically~*~*~ (stealth).
 15477 | D:11     | Found a portal to a secret trove of treasure.
 15514 | D:11     | 15514 ||| Stepping ~*~*~tactically~*~*~ (stealth).
 15537 | D:11     | 15537 ||| INVOKING Heroism.
 15554 | D:11     | Reached skill level 12 in Fighting
 15666 | D:11     | Identified the +3 scale mail "Dyumilya" {rF- rCorr Str+5}
 15857 | D:11     | 15857 ||| PLANNING D
 15857 | D:11     | 15857 ||| READING scroll labelled XOMMOGH MUILAL.
 16093 | D:12     | 16093 ||| Stepping ~*~*~tactically~*~*~ (hiding).
 16094 | D:12     | 16094 ||| Stepping ~*~*~tactically~*~*~ (hiding).
 16233 | D:12     | 16233 ||| INVOKING Heroism.
 16399 | D:12     | 16399 ||| Stepping ~*~*~tactically~*~*~ (stealth).
 16401 | D:12     | 16401 ||| Stepping ~*~*~tactically~*~*~ (hiding).
 16588 | D:12     | 16588 ||| INVOKING Heroism.
 16589 | D:12     | 16589 ||| Stepping ~*~*~tactically~*~*~ (hiding).
 16590 | D:12     | 16590 ||| Stepping ~*~*~tactically~*~*~ (hiding).
 16597 | D:12     | Received a gift from Okawaru
 16638 | D:12     | 16638 ||| Stepping ~*~*~tactically~*~*~ (stealth).
 16640 | D:12     | 16640 ||| Stepping ~*~*~tactically~*~*~ (hiding).
 16641 | D:12     | 16641 ||| Stepping ~*~*~tactically~*~*~ (hiding).
 16643 | D:12     | 16643 ||| Stepping ~*~*~tactically~*~*~ (hiding).
 16776 | D:12     | 16776 ||| INVOKING Heroism.
 16777 | D:12     | 16777 ||| INVOKING Finesse.
 16778 | D:12     | 16778 ||| SWAPPING to -2 demon whip of venom.
 16781 | D:12     | 16781 ||| Stepping ~*~*~tactically~*~*~ (stealth).
 16782 | D:12     | 16782 ||| Stepping ~*~*~tactically~*~*~ (stealth).
 16789 | D:12     | 16789 ||| SWAPPING to +9 broad axe of freezing.
 16800 | D:12     | Reached XP level 15. HP: 85/96 MP: 16/22
 16943 | D:12     | 16943 ||| INVOKING Heroism.
 16969 | D:12     | 16969 ||| Stepping ~*~*~tactically~*~*~ (stealth).
 16980 | D:12     | Received a gift from Okawaru
 17297 | D:12     | 17297 ||| UPGRADING to +2 pair of gloves.
 17307 | D:12     | 17307 ||| DROPPING +0 pair of gloves.
 17409 | D:13     | 17409 ||| FLEEEEING.
 17410 | D:13     | 17410 ||| FLEEEEING.
 17411 | D:13     | 17411 ||| FLEEEEING.
 17458 | D:13     | 17458 ||| INVOKING Heroism.
 17460 | D:13     | Found a gate to the Vaults.
 17546 | D:13     | 17546 ||| INVOKING Heroism.
 17670 | D:13     | Identified the +8 ring mail "Zyr Nota" {Will- Str-3 Slay+6
                  | SInv}
 17704 | D:13     | Identified the +2 kite shield of the Endless Expanse
                  | {Rampage rC+++ Regen+ Int-3}
 17734 | D:13     | Reached skill level 15 in Armour
 17820 | D:13     | Found a sacrificial altar of Ru.
 18181 | D:13     | 18181 ||| UPGRADING to +2 kite shield of the Endless
                  | Expanse {Rampage rC+++ Regen+ Int-3}.
 18191 | D:13     | 18191 ||| DROPPING +2 buckler.
 18192 | D:13     | 18192 ||| DROPPING scarf of shadows.
 18193 | D:13     | 18193 ||| READING 14 scrolls of identify.
 18193 | D:13     | 18193 ||| IDENTIFYING dark potion
 18194 | D:13     | 18194 ||| DROPPING potion of berserk rage.
 18242 | D:14     | Noticed Roxanne
 18243 | D:14     | 18243 ||| INVOKING Heroism.
 18244 | D:14     | 18244 ||| INVOKING Finesse.
 18246 | D:14     | Identified a scroll of acquirement
 18262 | D:14     | Killed Roxanne
 18293 | D:14     | 18293 ||| READING scroll of acquirement.
 18293 | D:14     | 18293 ||| ACQUIRING ring of resist corrosion
 18293 | D:14     | Acquired a ring of resist corrosion
 18342 | D:14     | Found a runed translucent gate.
 18342 | D:14     | Found a runed translucent gate.
 18342 | D:14     | Found a runed translucent gate.
 18343 | D:14     | Noticed an azure jelly
 18344 | D:14     | Noticed qw's ghost (journeyman GrFi)
 18366 | D:14     | 18366 ||| Stepping ~*~*~tactically~*~*~ (hiding).
 18628 | D:14     | 18628 ||| INVOKING Heroism.
 18676 | D:14     | 18676 ||| Stepping ~*~*~tactically~*~*~ (stealth).
 18680 | D:14     | 18680 ||| INVOKING Heroism.
 18699 | D:14     | Reached skill level 9 in Shields
 18790 | D:14     | 18790 ||| INVOKING Heroism.
 18793 | D:14     | Identified the +5 arbalest of Uruistoh {vorpal, Will+}
                  | (Okawaru gifted it to you on level 14 of the Dungeon)
 18793 | D:14     | Received a gift from Okawaru
 18808 | D:14     | 18808 ||| Stepping ~*~*~tactically~*~*~ (hiding).
 18983 | D:14     | 18983 ||| Stepping ~*~*~tactically~*~*~ (stealth).
 18986 | D:14     | 18986 ||| Stepping ~*~*~tactically~*~*~ (stealth).
 18997 | D:14     | Reached ****** piety under Okawaru
 18997 | D:14     | Received a gift from Okawaru
 19005 | D:14     | 19005 ||| DROPPING +0 vorpal broad axe.
 19433 | D:14     | Found a viscous altar of Jiyva.
 19475 | D:15     | Entered Level 15 of the Dungeon
 19475 | D:15     | Found a shimmering blue altar of Sif Muna.
 19476 | D:15     | 19476 ||| INVOKING Heroism.
 19480 | D:15     | 19480 ||| STAIRDANCE
 19587 | D:15     | 19587 ||| STAIRDANCE
 19686 | D:15     | 19686 ||| STAIRDANCE
 19782 | D:15     | 19782 ||| STAIRDANCE
 19871 | D:15     | 19871 ||| STAIRDANCE
 19882 | D:14     | Reached skill level 12 in Shields
 19964 | D:15     | 19964 ||| STAIRDANCE
 19968 | D:14     | Reached XP level 16. HP: 101/101 MP: 23/23
 20050 | D:15     | 20050 ||| STAIRDANCE
 20284 | D:15     | Noticed Josephine
 20285 | D:15     | 20285 ||| Stepping ~*~*~tactically~*~*~ (hiding).
 20296 | D:15     | Killed Josephine
 20652 | D:15     | Found a bloodstained altar of Trog.
 20653 | D:15     | 20653 ||| Stepping ~*~*~tactically~*~*~ (hiding).
 20672 | D:15     | 20672 ||| Stepping ~*~*~tactically~*~*~ (stealth).
 20676 | D:15     | 20676 ||| INVOKING Heroism.
 20677 | D:15     | 20677 ||| SWAPPING to -2 demon whip of venom.
 20678 | D:15     | 20678 ||| INVOKING Finesse.
 20685 | D:15     | 20685 ||| SWAPPING to +9 broad axe of freezing.
 21015 | D:15     | 21015 ||| Stepping ~*~*~tactically~*~*~ (hiding).
 21019 | D:15     | 21019 ||| INVOKING Heroism.
 21034 | D:15     | 21034 ||| Stepping ~*~*~tactically~*~*~ (hiding).
 21043 | D:15     | Received a gift from Okawaru
 21049 | D:15     | Found a staircase to the Depths.
 21070 | D:15     | 21070 ||| PLANNING ORC
 21195 | Orc:1    | Entered Level 1 of the Orcish Mines
 21203 | Orc:1    | 21203 ||| Stepping ~*~*~tactically~*~*~ (stealth).
 21209 | Orc:1    | 21209 ||| Stepping ~*~*~tactically~*~*~ (hiding).
 21369 | Orc:1    | 21369 ||| INVOKING Heroism.
 21394 | Orc:2    | Entered Level 2 of the Orcish Mines
 21429 | Orc:2    | 21429 ||| INVOKING Heroism.
 21431 | Orc:2    | 21431 ||| INVOKING Finesse.
 21504 | Orc:2    | 21504 ||| Stepping ~*~*~tactically~*~*~ (stealth).
 21506 | Orc:2    | 21506 ||| Stepping ~*~*~tactically~*~*~ (stealth).
 21508 | Orc:2    | 21508 ||| Stepping ~*~*~tactically~*~*~ (stealth).
 21510 | Orc:2    | 21510 ||| Stepping ~*~*~tactically~*~*~ (stealth).
 21512 | Orc:2    | 21512 ||| Stepping ~*~*~tactically~*~*~ (stealth).
 21514 | Orc:2    | 21514 ||| Stepping ~*~*~tactically~*~*~ (stealth).
 21516 | Orc:2    | 21516 ||| Stepping ~*~*~tactically~*~*~ (stealth).
 21518 | Orc:2    | 21518 ||| Stepping ~*~*~tactically~*~*~ (stealth).
 21520 | Orc:2    | 21520 ||| Stepping ~*~*~tactically~*~*~ (stealth).
 21522 | Orc:2    | 21522 ||| Stepping ~*~*~tactically~*~*~ (stealth).
 21524 | Orc:2    | 21524 ||| Stepping ~*~*~tactically~*~*~ (stealth).
 21529 | Orc:2    | 21529 ||| Stepping ~*~*~tactically~*~*~ (stealth).
 21530 | Orc:2    | 21530 ||| Stepping ~*~*~tactically~*~*~ (stealth).
 21533 | Orc:2    | 21533 ||| Stepping ~*~*~tactically~*~*~ (hiding).
 21535 | Orc:2    | 21535 ||| INVOKING Heroism.
 21537 | Orc:2    | 21537 ||| Stepping ~*~*~tactically~*~*~ (hiding).
 21571 | Orc:2    | 21571 ||| Stepping ~*~*~tactically~*~*~ (stealth).
 21573 | Orc:2    | 21573 ||| Stepping ~*~*~tactically~*~*~ (stealth).
 21582 | Orc:2    | 21582 ||| Stepping ~*~*~tactically~*~*~ (stealth).
 21585 | Orc:2    | 21585 ||| INVOKING Heroism.
 21601 | Orc:2    | 21601 ||| Stepping ~*~*~tactically~*~*~ (stealth).
 21751 | Orc:2    | 21751 ||| Stepping ~*~*~tactically~*~*~ (hiding).
 21772 | Orc:2    | 21772 ||| Stepping ~*~*~tactically~*~*~ (stealth).
 21791 | Orc:2    | Found Asacuoresk's General Store.
 21793 | Orc:2    | Found Ricudae's Magic Scroll Shop.
 21801 | Orc:2    | Found Weulouh's Weapon Emporium.
 21802 | Orc:2    | Found Zadau's Antique Weapon Shoppe.
 21804 | Orc:2    | 21804 ||| BUYING scroll of enchant armour (82 gold).
 21804 | Orc:2    | Bought a scroll of enchant armour for 82 gold pieces
 21804 | Orc:2    | 21804 ||| BUYING scroll of enchant armour (82 gold).
 21804 | Orc:2    | Bought a scroll of enchant armour for 82 gold pieces
 21804 | Orc:2    | 21804 ||| BUYING scroll of teleportation (33 gold).
 21804 | Orc:2    | Bought a scroll of teleportation for 33 gold pieces
 21804 | Orc:2    | 21804 ||| BUYING scroll of teleportation (33 gold).
 21804 | Orc:2    | Bought a scroll of teleportation for 33 gold pieces
 21804 | Orc:2    | 21804 ||| BUYING scroll of teleportation (33 gold).
 21804 | Orc:2    | Bought a scroll of teleportation for 33 gold pieces
 21804 | Orc:2    | 21804 ||| READING 2 scrolls of enchant armour.
 21804 | Orc:2    | 21804 ||| ENCHANTING +4 crystal plate armour.
 21805 | Orc:2    | 21805 ||| READING scroll of enchant armour.
 21805 | Orc:2    | 21805 ||| ENCHANTING +5 crystal plate armour.
 21835 | Orc:2    | 21835 ||| INVOKING Heroism.
 21836 | Orc:2    | 21836 ||| INVOKING Finesse.
 21908 | Orc:2    | 21908 ||| BUYING +2 war axe of flaming (292 gold).
 21908 | Orc:2    | Bought a +2 war axe of flaming for 292 gold pieces
 21908 | Orc:2    | 21908 ||| DROPPING -2 demon whip of venom.
 21967 | Orc:2    | 21967 ||| Stepping ~*~*~tactically~*~*~ (hiding).
 21968 | Orc:2    | 21968 ||| Stepping ~*~*~tactically~*~*~ (hiding).
 21969 | Orc:2    | 21969 ||| Stepping ~*~*~tactically~*~*~ (hiding).
 21970 | Orc:2    | 21970 ||| Stepping ~*~*~tactically~*~*~ (hiding).
 21971 | Orc:2    | 21971 ||| Stepping ~*~*~tactically~*~*~ (hiding).
 21972 | Orc:2    | 21972 ||| Stepping ~*~*~tactically~*~*~ (hiding).
 21973 | Orc:2    | 21973 ||| Stepping ~*~*~tactically~*~*~ (hiding).
 21974 | Orc:2    | 21974 ||| Stepping ~*~*~tactically~*~*~ (hiding).
 21975 | Orc:2    | 21975 ||| Stepping ~*~*~tactically~*~*~ (hiding).
 21976 | Orc:2    | 21976 ||| Stepping ~*~*~tactically~*~*~ (hiding).
 22135 | Orc:2    | 22135 ||| Stepping ~*~*~tactically~*~*~ (stealth).
 22154 | Orc:2    | Found a staircase to the Elven Halls.
 22157 | Orc:2    | Noticed Donald
 22158 | Orc:2    | 22158 ||| INVOKING Heroism.
 22159 | Orc:2    | 22159 ||| INVOKING Finesse.
 22167 | Orc:2    | Killed Donald
 22194 | Orc:2    | Reached skill level 13 in Fighting
 22194 | Orc:2    | 22194 ||| Stepping ~*~*~tactically~*~*~ (hiding).
 22197 | Orc:2    | 22197 ||| Stepping ~*~*~tactically~*~*~ (hiding).
 22210 | Orc:2    | 22210 ||| INVOKING Heroism.
 22239 | Orc:2    | Found Mahilura's Jewellery Emporium.
 22322 | Orc:2    | Noticed Sonja
 22341 | Orc:2    | 22341 ||| INVOKING Finesse.
 22354 | Orc:2    | Killed Sonja
 22498 | Orc:2    | 22498 ||| Stepping ~*~*~tactically~*~*~ (stealth).
 22515 | Orc:1    | 22515 ||| INVOKING Heroism.
 22516 | Orc:1    | 22516 ||| INVOKING Finesse.
 22605 | Orc:1    | 22605 ||| Stepping ~*~*~tactically~*~*~ (hiding).
 22609 | Orc:1    | 22609 ||| INVOKING Heroism.
 22636 | Orc:1    | 22636 ||| Stepping ~*~*~tactically~*~*~ (stealth).
 22640 | Orc:1    | 22640 ||| Stepping ~*~*~tactically~*~*~ (stealth).
 22641 | Orc:1    | 22641 ||| Stepping ~*~*~tactically~*~*~ (stealth).
 22650 | Orc:1    | 22650 ||| INVOKING Heroism.
 22696 | Orc:1    | 22696 ||| Stepping ~*~*~tactically~*~*~ (hiding).
 22697 | Orc:1    | 22697 ||| INVOKING Heroism.
 22839 | Orc:1    | 22839 ||| PLANNING SWAMP:1-3
 22965 | Swamp:1  | Entered Level 1 of the Swamp
 23004 | Swamp:1  | 23004 ||| Stepping ~*~*~tactically~*~*~ (hiding).
 23029 | Swamp:1  | 23029 ||| Stepping ~*~*~tactically~*~*~ (stealth).
 23032 | Swamp:1  | Received a gift from Okawaru
 23035 | Swamp:1  | 23035 ||| Stepping ~*~*~tactically~*~*~ (hiding).
 23147 | Swamp:1  | 23147 ||| Stepping ~*~*~tactically~*~*~ (stealth).
 23148 | Swamp:1  | 23148 ||| INVOKING Heroism.
 23164 | Swamp:1  | 23164 ||| INVOKING Finesse.
 23165 | Swamp:1  | 23165 ||| Stepping ~*~*~tactically~*~*~ (stealth).
 23166 | Swamp:1  | 23166 ||| SWAPPING to +2 war axe of flaming.
 23175 | Swamp:1  | 23175 ||| SWAPPING to +9 broad axe of freezing.
 23206 | Swamp:1  | 23206 ||| Stepping ~*~*~tactically~*~*~ (hiding).
 23345 | Swamp:1  | 23345 ||| Stepping ~*~*~tactically~*~*~ (hiding).
 23348 | Swamp:1  | 23348 ||| INVOKING Heroism.
 23350 | Swamp:1  | Reached XP level 17. HP: 108/108 MP: 21/24
 23415 | Swamp:1  | 23415 ||| Stepping ~*~*~tactically~*~*~ (hiding).
 23563 | Swamp:1  | 23563 ||| Stepping ~*~*~tactically~*~*~ (hiding).
 23801 | Swamp:1  | 23801 ||| READING scroll of brand weapon.
 23801 | Swamp:1  | 23801 ||| BRANDING +9 broad axe of freezing.
 23879 | Swamp:2  | 23879 ||| Stepping ~*~*~tactically~*~*~ (hiding).
 23884 | Swamp:2  | 23884 ||| INVOKING Heroism.
 23903 | Swamp:2  | Received a gift from Okawaru
 23939 | Swamp:2  | 23939 ||| INVOKING Heroism.
 24024 | Swamp:2  | 24024 ||| Stepping ~*~*~tactically~*~*~ (hiding).
 24028 | Swamp:2  | 24028 ||| Stepping ~*~*~tactically~*~*~ (hiding).
 24029 | Swamp:2  | 24029 ||| Stepping ~*~*~tactically~*~*~ (hiding).
 24032 | Swamp:2  | 24032 ||| INVOKING Heroism.
 24043 | Swamp:2  | Received a gift from Okawaru
 24087 | Swamp:2  | 24087 ||| INVOKING Heroism.
 24089 | Swamp:2  | 24089 ||| SWAPPING to +2 war axe of flaming.
 24095 | Swamp:2  | 24095 ||| SWAPPING to +9 broad axe of chaos.
 24310 | Swamp:2  | 24310 ||| INVOKING Heroism.
 24313 | Swamp:2  | Reached skill level 18 in Axes
 24340 | Swamp:2  | 24340 ||| Stepping ~*~*~tactically~*~*~ (hiding).
 24341 | Swamp:2  | 24341 ||| Stepping ~*~*~tactically~*~*~ (hiding).
 24474 | Swamp:2  | 24474 ||| INVOKING Heroism.
 24475 | Swamp:2  | 24475 ||| INVOKING Finesse.
 24553 | Swamp:2  | 24553 ||| DROPPING +4 ring of evasion.
 24554 | Swamp:2  | 24554 ||| DROPPING ring of positive energy.
 24591 | Swamp:3  | 24591 ||| INVOKING Heroism.
 24679 | Swamp:3  | 24679 ||| Stepping ~*~*~tactically~*~*~ (cloud).
 24772 | Swamp:3  | 24772 ||| Stepping ~*~*~tactically~*~*~ (hiding).
 24780 | Swamp:3  | Received a gift from Okawaru
 24798 | Swamp:3  | 24798 ||| Stepping ~*~*~tactically~*~*~ (hiding).
 24801 | Swamp:3  | 24801 ||| INVOKING Heroism.
 24813 | Swamp:3  | 24813 ||| Stepping ~*~*~tactically~*~*~ (hiding).
 24814 | Swamp:3  | 24814 ||| Stepping ~*~*~tactically~*~*~ (hiding).
 24816 | Swamp:3  | 24816 ||| Stepping ~*~*~tactically~*~*~ (hiding).
 24817 | Swamp:3  | 24817 ||| Stepping ~*~*~tactically~*~*~ (hiding).
 24853 | Swamp:3  | 24853 ||| Stepping ~*~*~tactically~*~*~ (hiding).
 24963 | Swamp:3  | 24963 ||| Stepping ~*~*~tactically~*~*~ (hiding).
 24964 | Swamp:3  | 24964 ||| Stepping ~*~*~tactically~*~*~ (hiding).
 24965 | Swamp:3  | 24965 ||| INVOKING Heroism.
 24966 | Swamp:3  | 24966 ||| SWAPPING to +2 war axe of flaming.
 24971 | Swamp:3  | 24971 ||| SWAPPING to +9 broad axe of chaos.
 25026 | Swamp:3  | 25026 ||| Stepping ~*~*~tactically~*~*~ (hiding).
 25027 | Swamp:3  | 25027 ||| Stepping ~*~*~tactically~*~*~ (hiding).
 25029 | Swamp:3  | 25029 ||| INVOKING Heroism.
 25030 | Swamp:3  | 25030 ||| INVOKING Finesse.
 25315 | Swamp:3  | 25315 ||| PLANNING SPIDER:1-3
 25315 | Swamp:3  | 25315 ||| READING 21 scrolls of identify.
 25315 | Swamp:3  | 25315 ||| IDENTIFYING fizzy pink potion
 25386 | Lair:3   | 25386 ||| Stepping ~*~*~tactically~*~*~ (stealth).
 25388 | Lair:3   | 25388 ||| INVOKING Finesse.
 25397 | Lair:3   | 25397 ||| READING 14 scrolls of teleportation.
 25457 | Spider:1 | Entered Level 1 of the Spider Nest
 25459 | Spider:1 | 25459 ||| INVOKING Heroism.
 25547 | Spider:1 | 25547 ||| Stepping ~*~*~tactically~*~*~ (stealth).
 25548 | Spider:1 | 25548 ||| Stepping ~*~*~tactically~*~*~ (stealth).
 25551 | Spider:1 | Reached skill level 6 in Throwing
 25585 | Spider:1 | Noticed Aizul
 25586 | Spider:1 | 25586 ||| INVOKING Heroism.
 25587 | Spider:1 | 25587 ||| INVOKING Finesse.
 25595 | Spider:1 | Killed Aizul
 25642 | Spider:1 | 25642 ||| Stepping ~*~*~tactically~*~*~ (stealth).
 25691 | Spider:1 | 25691 ||| Stepping ~*~*~tactically~*~*~ (stealth).
 25692 | Spider:1 | Noticed Azrael
 25693 | Spider:1 | 25693 ||| INVOKING Heroism.
 25715 | Spider:1 | Killed Azrael
 25734 | Spider:1 | 25734 ||| Stepping ~*~*~tactically~*~*~ (stealth).
 25736 | Spider:1 | 25736 ||| Stepping ~*~*~tactically~*~*~ (stealth).
 25737 | Spider:1 | 25737 ||| Stepping ~*~*~tactically~*~*~ (stealth).
 25747 | Spider:1 | 25747 ||| INVOKING Heroism.
 25748 | Spider:1 | 25748 ||| INVOKING Finesse.
 25788 | Spider:1 | 25788 ||| Stepping ~*~*~tactically~*~*~ (stealth).
 25888 | Spider:1 | 25888 ||| Stepping ~*~*~tactically~*~*~ (stealth).
 25895 | Spider:1 | 25895 ||| INVOKING Heroism.
 26236 | Spider:1 | 26236 ||| Stepping ~*~*~tactically~*~*~ (stealth).
 26239 | Spider:1 | 26239 ||| INVOKING Heroism.
 26274 | Spider:1 | 26274 ||| Stepping ~*~*~tactically~*~*~ (hiding).
 26437 | Spider:1 | 26437 ||| Stepping ~*~*~tactically~*~*~ (stealth).
 26440 | Spider:1 | 26440 ||| Stepping ~*~*~tactically~*~*~ (stealth).
 26443 | Spider:1 | 26443 ||| INVOKING Heroism.
 26575 | Spider:1 | 26575 ||| DROPPING ring of willpower.
 26591 | Spider:2 | Noticed Kirke
 26592 | Spider:2 | 26592 ||| STAIRDANCE
 26594 | Spider:1 | 26594 ||| INVOKING Heroism.
 26601 | Spider:1 | Killed Kirke
 26707 | Spider:2 | 26707 ||| STAIRDANCE
 26724 | Spider:2 | 26724 ||| INVOKING Heroism.
 26836 | Spider:2 | 26836 ||| Stepping ~*~*~tactically~*~*~ (stealth).
 26868 | Spider:2 | 26868 ||| READING 13 scrolls of teleportation.
 26872 | Spider:2 | 26872 ||| FLEEEEING.
 26882 | Spider:2 | 26882 ||| INVOKING Heroism.
 26958 | Spider:2 | 26958 ||| Stepping randomly (disturbance).
 26959 | Spider:2 | 26959 ||| Stepping randomly (disturbance).
 27130 | Spider:2 | Reached XP level 18. HP: 116/116 MP: 25/25
 27139 | Spider:2 | 27139 ||| DROPPING +2 war axe of flaming.
 27210 | Spider:2 | 27210 ||| Stepping ~*~*~tactically~*~*~ (stealth).
 27214 | Spider:2 | 27214 ||| INVOKING Heroism.
 27219 | Spider:2 | Reached skill level 14 in Fighting
 27223 | Spider:2 | Received a gift from Okawaru
 27417 | Spider:2 | Noticed Arachne
 27419 | Spider:2 | 27419 ||| INVOKING Finesse.
 27436 | Spider:2 | Killed Arachne
 27594 | Spider:2 | 27594 ||| READING 21 scrolls of identify.
 27594 | Spider:2 | 27594 ||| IDENTIFYING ruby potion
 27595 | Spider:2 | 27595 ||| READING 14 scrolls of teleportation.
 27604 | Spider:2 | 27604 ||| READING 13 scrolls of teleportation.
 27616 | Spider:2 | 27616 ||| READING 12 scrolls of teleportation.
 27619 | Spider:2 | 27619 ||| READING 11 scrolls of teleportation.
 27678 | Spider:2 | 27678 ||| READING 10 scrolls of teleportation.
 27735 | Spider:2 | 27735 ||| READING 9 scrolls of teleportation.
 27812 | Spider:2 | 27812 ||| READING 8 scrolls of teleportation.
 27844 | Spider:2 | 27844 ||| READING 7 scrolls of teleportation.
 27916 | Spider:2 | 27916 ||| READING 6 scrolls of teleportation.
 27994 | Spider:2 | 27994 ||| READING 5 scrolls of teleportation.
 28014 | Spider:2 | 28014 ||| READING 4 scrolls of teleportation.
 28100 | Spider:2 | 28100 ||| READING 3 scrolls of teleportation.
 28153 | Spider:2 | 28153 ||| DROPPING +1 pair of gloves.
 28154 | Spider:2 | 28154 ||| READING 2 scrolls of teleportation.
 28381 | Spider:3 | 28381 ||| INVOKING Finesse.
 28383 | Spider:3 | 28383 ||| INVOKING Heroism.
 28393 | Spider:3 | Received a gift from Okawaru
 28456 | Spider:3 | 28456 ||| INVOKING Finesse.
 28458 | Spider:3 | 28458 ||| INVOKING Heroism.
 28544 | Spider:3 | 28544 ||| INVOKING Heroism.
 28625 | Spider:3 | 28625 ||| INVOKING Heroism.
 28632 | Spider:3 | Noticed Mara
 28643 | Spider:3 | Noticed qw's illusion
 28646 | Spider:3 | 28646 ||| INVOKING Finesse.
 28649 | Spider:3 | Noticed Mlioglotl
 28650 | Spider:3 | Killed Mara
 28650 | Spider:3 | Received a gift from Okawaru
 28650 | Spider:3 | Received a gift from Okawaru
 28664 | Spider:3 | Killed Mlioglotl
 28665 | Spider:3 | Reached skill level 18 in Armour
 28736 | Spider:3 | Identified the amulet of Free Expression {Spirit Fly rN+}
 28790 | Spider:3 | 28790 ||| Stepping ~*~*~tactically~*~*~ (hiding).
 28793 | Spider:3 | 28793 ||| INVOKING Heroism.
 28943 | Spider:3 | 28943 ||| INVOKING Heroism.
 29007 | Spider:3 | 29007 ||| FLEEEEING.
 29012 | Spider:3 | 29012 ||| FLEEEEING.
 29013 | Spider:3 | 29013 ||| FLEEEEING.
 29014 | Spider:3 | 29014 ||| FLEEEEING.
 29015 | Spider:3 | 29015 ||| FLEEEEING.
 29016 | Spider:3 | 29016 ||| FLEEEEING.
 29017 | Spider:3 | 29017 ||| FLEEEEING.
 29018 | Spider:3 | 29018 ||| FLEEEEING.
 29447 | Spider:3 | 29447 ||| PLANNING SWAMP:4
 29447 | Spider:3 | 29447 ||| DROPPING +2 pair of gloves.
 29448 | Spider:3 | 29448 ||| DROPPING amulet of Free Expression {Spirit Fly
                  | rN+}.
 29593 | Swamp:4  | Entered Level 4 of the Swamp
 29677 | Swamp:4  | 29677 ||| INVOKING Heroism.
 29704 | Swamp:4  | 29704 ||| Stepping ~*~*~tactically~*~*~ (hiding).
 29705 | Swamp:4  | 29705 ||| INVOKING Heroism.
 29749 | Swamp:4  | Reached skill level 15 in Fighting
 29755 | Swamp:4  | 29755 ||| INVOKING Heroism.
 29757 | Swamp:4  | Received a gift from Okawaru
 29856 | Swamp:4  | 29856 ||| INVOKING Heroism.
 29873 | Swamp:4  | 29873 ||| INVOKING Finesse.
 29910 | Swamp:4  | 29910 ||| INVOKING Heroism.
 29926 | Swamp:4  | Identified the +1 chain mail of the Moon {Will- Regen+
                  | Str-4 Dex+6} (Okawaru gifted it to you on level 4 of the
                  | Swamp)
 29926 | Swamp:4  | Received a gift from Okawaru
 29953 | Swamp:4  | Got a decaying rune of Zot
 29981 | Swamp:4  | 29981 ||| Stepping ~*~*~tactically~*~*~ (stealth).
 29993 | Swamp:4  | Noticed Nikola
 29994 | Swamp:4  | 29994 ||| INVOKING Heroism.
 29995 | Swamp:4  | 29995 ||| INVOKING Finesse.
 30013 | Swamp:4  | Killed Nikola
 30245 | Swamp:4  | 30245 ||| PLANNING VAULTS:1-4
 30462 | Vaults:1 | Entered Level 1 of the Vaults
 30486 | Vaults:1 | 30486 ||| Stepping ~*~*~tactically~*~*~ (hiding).
 30501 | Vaults:1 | 30501 ||| Stepping ~*~*~tactically~*~*~ (stealth).
 30502 | Vaults:1 | 30502 ||| Stepping ~*~*~tactically~*~*~ (stealth).
 30503 | Vaults:1 | 30503 ||| Stepping ~*~*~tactically~*~*~ (hiding).
 30507 | Vaults:1 | 30507 ||| Stepping ~*~*~tactically~*~*~ (stealth).
 30513 | Vaults:1 | 30513 ||| INVOKING Heroism.
 30518 | Vaults:1 | Reached XP level 19. HP: 73/124 MP: 23/26
 30599 | Vaults:1 | 30599 ||| INVOKING Heroism.
 30657 | Vaults:1 | Identified the +6 sling of Doubt {venom, rC- Int+8 Dex-4}
 30672 | Vaults:1 | 30672 ||| READING scroll of enchant armour.
 30672 | Vaults:1 | 30672 ||| ENCHANTING +6 crystal plate armour.
 30723 | Vaults:1 | 30723 ||| INVOKING Heroism.
 30761 | Vaults:1 | Reached skill level 9 in Throwing
 30808 | Vaults:1 | Reached skill level 15 in Shields
 30827 | Vaults:1 | 30827 ||| Stepping ~*~*~tactically~*~*~ (stealth).
 30977 | Vaults:1 | 30977 ||| INVOKING Heroism.
 31014 | Vaults:1 | 31014 ||| INVOKING Heroism.
 31052 | Vaults:1 | 31052 ||| INVOKING Heroism.
 31085 | Vaults:1 | 31085 ||| Stepping ~*~*~tactically~*~*~ (hiding).
 31359 | Vaults:1 | 31359 ||| Stepping ~*~*~tactically~*~*~ (hiding).
 31369 | Vaults:1 | 31369 ||| INVOKING Heroism.
 31370 | Vaults:1 | 31370 ||| INVOKING Finesse.
 31380 | Vaults:1 | Reached skill level 16 in Fighting
 31477 | Vaults:1 | 31477 ||| Stepping ~*~*~tactically~*~*~ (stealth).
 31478 | Vaults:1 | 31478 ||| INVOKING Heroism.
 31482 | Vaults:1 | 31482 ||| Stepping ~*~*~tactically~*~*~ (stealth).
 31499 | Vaults:1 | Reached skill level 3 in Dodging
 31549 | Vaults:1 | Found Osel's Antique Armour Emporium.
 31768 | Vaults:2 | 31768 ||| FLEEEEING.
 31769 | Vaults:2 | 31769 ||| FLEEEEING.
 31770 | Vaults:2 | 31770 ||| FLEEEEING.
 31771 | Vaults:2 | 31771 ||| FLEEEEING.
 31772 | Vaults:2 | 31772 ||| FLEEEEING.
 31773 | Vaults:2 | 31773 ||| FLEEEEING.
 31774 | Vaults:2 | 31774 ||| FLEEEEING.
 31778 | Vaults:2 | 31778 ||| FLEEEEING.
 31779 | Vaults:2 | 31779 ||| FLEEEEING.
 31780 | Vaults:2 | 31780 ||| FLEEEEING.
 31781 | Vaults:2 | 31781 ||| FLEEEEING.
 31782 | Vaults:2 | 31782 ||| FLEEEEING.
 31783 | Vaults:2 | 31783 ||| FLEEEEING.
 31784 | Vaults:2 | 31784 ||| FLEEEEING.
 31791 | Vaults:2 | 31791 ||| STAIRDANCE
 31901 | Vaults:2 | 31901 ||| STAIRDANCE
 32014 | Vaults:2 | 32014 ||| INVOKING Heroism.
 32113 | Vaults:2 | 32113 ||| Stepping ~*~*~tactically~*~*~ (stealth).
 32138 | Vaults:2 | 32138 ||| Stepping ~*~*~tactically~*~*~ (hiding).
 32277 | Vaults:2 | 32277 ||| Stepping ~*~*~tactically~*~*~ (stealth).
 32379 | Vaults:2 | 32379 ||| INVOKING Heroism.
 32392 | Vaults:2 | Received a gift from Okawaru
 32463 | Vaults:2 | 32463 ||| Stepping ~*~*~tactically~*~*~ (hiding).
 32464 | Vaults:2 | 32464 ||| Stepping ~*~*~tactically~*~*~ (hiding).
 32600 | Vaults:2 | 32600 ||| Stepping ~*~*~tactically~*~*~ (stealth).
 32602 | Vaults:2 | Found a staircase to the Crypt.
 32603 | Vaults:2 | 32603 ||| INVOKING Heroism.
 32606 | Vaults:2 | 32606 ||| Stepping ~*~*~tactically~*~*~ (hiding).
 32639 | Vaults:2 | Received a gift from Okawaru
 32659 | Vaults:2 | 32659 ||| Stepping ~*~*~tactically~*~*~ (hiding).
 32672 | Vaults:2 | Identified the +1 pair of gloves of Dramatic Exits {rElec
                  | rCorr Int-4 Dex-3} (Okawaru gifted it to you on level 2 of
                  | the Vaults)
 32672 | Vaults:2 | Received a gift from Okawaru
 32675 | Vaults:2 | 32675 ||| INVOKING Heroism.
 32736 | Vaults:2 | 32736 ||| READING scroll of enchant armour.
 32736 | Vaults:2 | 32736 ||| ENCHANTING +7 crystal plate armour.
 32899 | Vaults:2 | 32899 ||| FLEEEEING.
 32900 | Vaults:2 | 32900 ||| FLEEEEING.
 32911 | Vaults:2 | 32911 ||| FLEEEEING.
 32912 | Vaults:2 | 32912 ||| FLEEEEING.
 32913 | Vaults:2 | 32913 ||| FLEEEEING.
 32914 | Vaults:2 | 32914 ||| FLEEEEING.
 32915 | Vaults:2 | 32915 ||| FLEEEEING.
 32916 | Vaults:2 | 32916 ||| FLEEEEING.
 32917 | Vaults:2 | 32917 ||| FLEEEEING.
 32918 | Vaults:2 | 32918 ||| FLEEEEING.
 32919 | Vaults:2 | 32919 ||| FLEEEEING.
 32920 | Vaults:2 | 32920 ||| FLEEEEING.
 32921 | Vaults:2 | 32921 ||| FLEEEEING.
 32922 | Vaults:2 | 32922 ||| FLEEEEING.
 32923 | Vaults:2 | 32923 ||| FLEEEEING.
 32924 | Vaults:2 | 32924 ||| FLEEEEING.
 32925 | Vaults:2 | 32925 ||| FLEEEEING.
 32926 | Vaults:2 | 32926 ||| FLEEEEING.
 32927 | Vaults:2 | 32927 ||| FLEEEEING.
 32928 | Vaults:2 | 32928 ||| FLEEEEING.
 32929 | Vaults:2 | 32929 ||| FLEEEEING.
 32930 | Vaults:2 | 32930 ||| FLEEEEING.
 32931 | Vaults:2 | 32931 ||| FLEEEEING.
 32934 | Vaults:2 | 32934 ||| FLEEEEING.
 32935 | Vaults:2 | 32935 ||| STAIRDANCE
 33169 | Vaults:2 | 33169 ||| Stepping ~*~*~tactically~*~*~ (stealth).
 33171 | Vaults:2 | 33171 ||| INVOKING Heroism.
 33175 | Vaults:2 | 33175 ||| Stepping ~*~*~tactically~*~*~ (stealth).
 33181 | Vaults:2 | Reached skill level 17 in Fighting
 33187 | Vaults:2 | Reached XP level 20. HP: 134/134 MP: 27/27
 33240 | Vaults:2 | 33240 ||| Stepping ~*~*~tactically~*~*~ (hiding).
 33639 | Vaults:3 | 33639 ||| PLANNING BAZAAR
 33642 | Vaults:3 | 33642 ||| Stepping ~*~*~tactically~*~*~ (hiding).
 33646 | Vaults:3 | Noticed Margery
 33647 | Vaults:3 | 33647 ||| DRINKING potion of resistance.
 33648 | Vaults:3 | 33648 ||| INVOKING Heroism.
 33649 | Vaults:3 | 33649 ||| INVOKING Finesse.
 33660 | Vaults:3 | Killed Margery
 33668 | Vaults:3 | 33668 ||| Stepping ~*~*~tactically~*~*~ (hiding).
 33678 | Vaults:3 | 33678 ||| Stepping ~*~*~tactically~*~*~ (hiding).
 33683 | Vaults:3 | 33683 ||| Stepping ~*~*~tactically~*~*~ (hiding).
 33684 | Vaults:3 | 33684 ||| Stepping ~*~*~tactically~*~*~ (hiding).
 33817 | Vaults:3 | Found a flickering gateway to a bazaar.
 33823 | Bazaar   | Entered a bazaar
 33836 | Bazaar   | Found Emodgh's Antique Weapon Emporium.
 33848 | Bazaar   | Found Hutamofu's Antique Weapon Shoppe.
 33863 | Bazaar   | Found Vitaaxt's Antique Armour Shoppe.
 33869 | Bazaar   | 33869 ||| BUYING glowing hat (175 gold).
 33869 | Bazaar   | Bought a glowing hat for 175 gold pieces
 33875 | Bazaar   | Found Feedol's Antique Armour Emporium.
 33880 | Bazaar   | 33880 ||| BUYING buzzing helmet (190 gold).
 33880 | Bazaar   | Bought a buzzing helmet for 190 gold pieces
 33880 | Bazaar   | Identified the +2 helmet of the Fiend {Int+6} (You bought
                  | it in a shop in a bazaar)
 33880 | Bazaar   | 33880 ||| BUYING encrusted helmet (190 gold).
 33880 | Bazaar   | Bought an encrusted helmet for 190 gold pieces
 33880 | Bazaar   | Identified the +1 helmet of Luido {rC+} (You bought it in a
                  | shop in a bazaar)
 33889 | Bazaar   | 33889 ||| UPGRADING to +1 hat of see invisible.
 33899 | Bazaar   | 33899 ||| DROPPING +0 helmet.
 33903 | Vaults:3 | 33903 ||| PLANNING VAULTS:1-4
 33916 | Vaults:3 | 33916 ||| INVOKING Heroism.
 33931 | Vaults:3 | HP: 22/134 [ironbound frostheart/creeping frost (20)]
 33932 | Vaults:3 | 33932 ||| READING 3 scrolls of teleportation.
 33933 | Vaults:3 | 33933 ||| DRINKING 13 potions of heal wounds.
 34152 | Vaults:3 | 34152 ||| Stepping ~*~*~tactically~*~*~ (hiding).
 34153 | Vaults:3 | 34153 ||| Stepping ~*~*~tactically~*~*~ (hiding).
 34206 | Vaults:3 | 34206 ||| INVOKING Heroism.
 34240 | Vaults:3 | 34240 ||| Stepping ~*~*~tactically~*~*~ (hiding).
 34265 | Vaults:3 | 34265 ||| READING scroll of brand weapon.
 34265 | Vaults:3 | 34265 ||| BRANDING +9 broad axe of chaos.
 34271 | Vaults:3 | 34271 ||| INVOKING Finesse.
 34323 | Vaults:3 | 34323 ||| Stepping ~*~*~tactically~*~*~ (hiding).
 34327 | Vaults:3 | 34327 ||| Stepping ~*~*~tactically~*~*~ (hiding).
 34331 | Vaults:3 | 34331 ||| Stepping ~*~*~tactically~*~*~ (hiding).
 34445 | Vaults:3 | 34445 ||| INVOKING Heroism.
 34456 | Vaults:3 | Received a gift from Okawaru
 34527 | Vaults:3 | 34527 ||| Stepping ~*~*~tactically~*~*~ (hiding).
 34529 | Vaults:3 | 34529 ||| Stepping ~*~*~tactically~*~*~ (hiding).
 34537 | Vaults:3 | 34537 ||| INVOKING Heroism.
 34546 | Vaults:3 | Reached skill level 18 in Fighting
 34564 | Vaults:3 | 34564 ||| Stepping ~*~*~tactically~*~*~ (stealth).
 34571 | Vaults:3 | 34571 ||| Stepping ~*~*~tactically~*~*~ (stealth).
 34666 | Vaults:3 | 34666 ||| INVOKING Heroism.
 34667 | Vaults:3 | 34667 ||| INVOKING Finesse.
 34845 | Vaults:3 | Noticed Mennas
 34846 | Vaults:3 | 34846 ||| Stepping ~*~*~tactically~*~*~ (stealth).
 34892 | Vaults:3 | 34892 ||| Stepping ~*~*~tactically~*~*~ (hiding).
 35087 | Vaults:3 | 35087 ||| INVOKING Heroism.
 35088 | Vaults:3 | 35088 ||| INVOKING Finesse.
 35128 | Vaults:3 | Killed Mennas
 35128 | Vaults:3 | Identified the +8 hand axe of Infection {spect, rElec}
                  | (Okawaru gifted it to you on level 3 of the Vaults)
 35128 | Vaults:3 | Received a gift from Okawaru
 35230 | Vaults:3 | 35230 ||| INVOKING Heroism.
 35452 | Vaults:4 | 35452 ||| STAIRDANCE
 35491 | Vaults:4 | 35491 ||| Stepping ~*~*~tactically~*~*~ (hiding).
 35512 | Vaults:4 | 35512 ||| INVOKING Heroism.
 35587 | Vaults:4 | 35587 ||| INVOKING Heroism.
 35637 | Abyss:2  | Cast into level 2 of the Abyss (a wizard)
 35643 | Abyss:2  | Reached skill level 21 in Armour
 35656 | Abyss:2  | Found a viscous altar of Jiyva.
 35778 | Vaults:4 | Escaped the Abyss
 35792 | Vaults:4 | Identified the +1 robe "Wol Zuekk" {rElec rF+}
 35801 | Vaults:4 | Found a radiant altar of Vehumet.
 35802 | Vaults:4 | 35802 ||| Stepping ~*~*~tactically~*~*~ (hiding).
 35804 | Vaults:4 | 35804 ||| INVOKING Heroism.
 35805 | Vaults:4 | 35805 ||| INVOKING Finesse.
 35901 | Vaults:4 | 35901 ||| INVOKING Heroism.
 35911 | Vaults:4 | Received a gift from Okawaru
 35972 | Vaults:4 | 35972 ||| INVOKING Heroism.
 35973 | Vaults:4 | 35973 ||| Stepping ~*~*~tactically~*~*~ (hiding).
 36028 | Vaults:4 | 36028 ||| FLEEEEING.
 36029 | Vaults:4 | 36029 ||| FLEEEEING.
 36030 | Vaults:4 | 36030 ||| FLEEEEING.
 36031 | Vaults:4 | 36031 ||| FLEEEEING.
 36032 | Vaults:4 | 36032 ||| FLEEEEING.
 36035 | Vaults:4 | 36035 ||| FLEEEEING.
 36040 | Vaults:4 | 36040 ||| FLEEEEING.
 36041 | Vaults:4 | 36041 ||| FLEEEEING.
 36043 | Vaults:4 | 36043 ||| FLEEEEING.
 36051 | Vaults:4 | 36051 ||| FLEEEEING.
 36052 | Vaults:4 | 36052 ||| FLEEEEING.
 36053 | Vaults:4 | 36053 ||| FLEEEEING.
 36054 | Vaults:4 | 36054 ||| FLEEEEING.
 36055 | Vaults:4 | 36055 ||| FLEEEEING.
 36061 | Vaults:4 | 36061 ||| FLEEEEING.
 36062 | Vaults:4 | 36062 ||| FLEEEEING.
 36063 | Vaults:4 | 36063 ||| FLEEEEING.
 36064 | Vaults:4 | 36064 ||| FLEEEEING.
 36065 | Vaults:4 | 36065 ||| FLEEEEING.
 36076 | Vaults:4 | 36076 ||| FLEEEEING.
 36077 | Vaults:4 | 36077 ||| FLEEEEING.
 36078 | Vaults:4 | 36078 ||| FLEEEEING.
 36079 | Vaults:4 | 36079 ||| FLEEEEING.
 36080 | Vaults:4 | 36080 ||| STAIRDANCE
 36082 | Vaults:3 | 36082 ||| DROPPING +0 hat of stealth.
 36083 | Vaults:3 | 36083 ||| DROPPING +1 hat of see invisible.
 36084 | Vaults:3 | 36084 ||| DROPPING +1 hat of stealth.
 36085 | Vaults:3 | 36085 ||| DROPPING +1 hat.
 36086 | Vaults:3 | 36086 ||| DROPPING +2 hat of stealth.
 36087 | Vaults:3 | 36087 ||| DROPPING +0 hat of willpower.
 36090 | Vaults:4 | 36090 ||| Stepping ~*~*~tactically~*~*~ (hiding).
 36091 | Vaults:4 | 36091 ||| Stepping ~*~*~tactically~*~*~ (hiding).
 36208 | Vaults:4 | 36208 ||| Stepping ~*~*~tactically~*~*~ (hiding).
 36446 | Vaults:4 | 36446 ||| Stepping ~*~*~tactically~*~*~ (stealth).
 36459 | Vaults:4 | Reached XP level 21. HP: 139/142 MP: 28/28
 36525 | Vaults:4 | 36525 ||| INVOKING Heroism.
 36675 | Vaults:4 | 36675 ||| INVOKING Heroism.
 36678 | Vaults:4 | Received a gift from Okawaru
 36716 | Vaults:4 | 36716 ||| Stepping ~*~*~tactically~*~*~ (stealth).
 36718 | Vaults:4 | 36718 ||| Stepping ~*~*~tactically~*~*~ (stealth).
 36720 | Vaults:4 | 36720 ||| Stepping ~*~*~tactically~*~*~ (stealth).
 36738 | Vaults:4 | 36738 ||| Stepping ~*~*~tactically~*~*~ (hiding).
 36739 | Vaults:4 | 36739 ||| Stepping ~*~*~tactically~*~*~ (hiding).
 36824 | Vaults:4 | 36824 ||| Stepping ~*~*~tactically~*~*~ (hiding).
 36825 | Vaults:4 | 36825 ||| Stepping ~*~*~tactically~*~*~ (hiding).
 36856 | Vaults:4 | Reached skill level 19 in Fighting
 36857 | Vaults:4 | Received a gift from Okawaru
 36930 | Vaults:4 | 36930 ||| INVOKING Heroism.
 36964 | Vaults:4 | 36964 ||| PLANNING SPIDER:4
 37279 | Spider:4 | Entered Level 4 of the Spider Nest
 37280 | Spider:4 | 37280 ||| STAIRDANCE
 37283 | Spider:3 | 37283 ||| INVOKING Heroism.
 37305 | Spider:4 | 37305 ||| Stepping ~*~*~tactically~*~*~ (hiding).
 37348 | Spider:4 | 37348 ||| Stepping ~*~*~tactically~*~*~ (stealth).
 37386 | Spider:4 | 37386 ||| Stepping ~*~*~tactically~*~*~ (stealth).
 37391 | Spider:4 | 37391 ||| Stepping ~*~*~tactically~*~*~ (stealth).
 37394 | Spider:4 | 37394 ||| Stepping ~*~*~tactically~*~*~ (stealth).
 37430 | Spider:4 | 37430 ||| Stepping ~*~*~tactically~*~*~ (stealth).
 37498 | Spider:4 | 37498 ||| INVOKING Heroism.
 37542 | Spider:4 | Found a runed translucent gate.
 37543 | Spider:4 | Found a runed translucent gate.
 37544 | Spider:4 | Found a runed translucent gate.
 37545 | Spider:4 | Noticed qw's ghost (adept GrFi)
 37548 | Spider:4 | 37548 ||| READING scroll of brand weapon.
 37548 | Spider:4 | 37548 ||| BRANDING +9 broad axe of protection.
 37653 | Spider:4 | 37653 ||| INVOKING Heroism.
 37681 | Spider:4 | 37681 ||| INVOKING Finesse.
 37700 | Spider:4 | Received a gift from Okawaru
 37710 | Spider:4 | 37710 ||| INVOKING Heroism.
 37731 | Spider:4 | Identified the +10 war axe "Ypnox" {flame, rPois rN+++
                  | Will+ Int-4} (Okawaru gifted it to you on level 4 of the
                  | Spider Nest)
 37731 | Spider:4 | Received a gift from Okawaru
 37872 | Spider:4 | 37872 ||| READING scroll of enchant armour.
 37872 | Spider:4 | 37872 ||| ENCHANTING +8 crystal plate armour.
 38032 | Spider:4 | 38032 ||| Stepping ~*~*~tactically~*~*~ (stealth).
 38077 | Spider:4 | 38077 ||| Stepping ~*~*~tactically~*~*~ (stealth).
 38121 | Spider:4 | 38121 ||| INVOKING Heroism.
 38152 | Spider:4 | 38152 ||| Stepping ~*~*~tactically~*~*~ (stealth).
 38389 | Spider:4 | 38389 ||| Stepping ~*~*~tactically~*~*~ (stealth).
 38475 | Spider:4 | 38475 ||| INVOKING Heroism.
 38489 | Spider:4 | Identified the +0 pair of gloves of the Boiling Point {Harm
                  | +Inv Dex-3} (Okawaru gifted it to you on level 4 of the
                  | Spider Nest)
 38489 | Spider:4 | Received a gift from Okawaru
 38619 | Spider:4 | Got a gossamer rune of Zot
 38631 | Spider:4 | Identified the +0 pair of gloves of Indomitability {Stlth+}
 38727 | Spider:4 | 38727 ||| PLANNING DEPTHS
 38727 | Spider:4 | 38727 ||| DROPPING +0 pair of gloves of the Boiling Point
                  | {Harm +Inv Dex-3}.
 38728 | Spider:4 | 38728 ||| DROPPING +0 pair of gloves of Indomitability
                  | {Stlth+}.
 38729 | Spider:4 | 38729 ||| DROPPING +2 pair of gloves of hurling.
 39018 | Depths:1 | Entered Level 1 of the Depths
 39036 | Depths:1 | 39036 ||| Stepping ~*~*~tactically~*~*~ (stealth).
 39115 | Depths:1 | 39115 ||| Stepping ~*~*~tactically~*~*~ (stealth).
 39118 | Depths:1 | 39118 ||| Stepping ~*~*~tactically~*~*~ (stealth).
 39121 | Depths:1 | 39121 ||| INVOKING Heroism.
 39175 | Depths:1 | 39175 ||| Stepping ~*~*~tactically~*~*~ (hiding).
 39176 | Depths:1 | 39176 ||| INVOKING Heroism.
 39179 | Depths:1 | 39179 ||| INVOKING Finesse.
 39245 | Depths:1 | 39245 ||| INVOKING Finesse.
 39305 | Depths:1 | 39305 ||| INVOKING Heroism.
 39306 | Depths:1 | 39306 ||| INVOKING Finesse.
 39357 | Depths:1 | 39357 ||| Stepping ~*~*~tactically~*~*~ (stealth).
 39361 | Depths:1 | 39361 ||| Stepping ~*~*~tactically~*~*~ (stealth).
 39409 | Depths:1 | 39409 ||| Stepping ~*~*~tactically~*~*~ (hiding).
 39608 | Depths:1 | 39608 ||| Stepping ~*~*~tactically~*~*~ (stealth).
 39610 | Depths:1 | 39610 ||| READING 4 scrolls of teleportation.
 39613 | Depths:1 | Noticed a golden dragon
 39614 | Depths:1 | 39614 ||| INVOKING Heroism.
 39615 | Depths:1 | 39615 ||| INVOKING Finesse.
 39631 | Depths:1 | Killed a golden dragon
 39686 | Depths:1 | 39686 ||| INVOKING Heroism.
 39689 | Depths:1 | 39689 ||| Stepping ~*~*~tactically~*~*~ (hiding).
 39698 | Depths:1 | Reached XP level 22. HP: 151/151 MP: 29/29
 39734 | Depths:1 | Reached skill level 20 in Fighting
 40021 | Depths:1 | Found a gateway to Hell.
 40060 | Depths:2 | Found the +9 staff of Olgreb {rPois∞}
 40070 | Depths:2 | 40070 ||| Stepping ~*~*~tactically~*~*~ (stealth).
 40080 | Depths:2 | 40080 ||| INVOKING Heroism.
 40081 | Depths:2 | 40081 ||| Stepping ~*~*~tactically~*~*~ (stealth).
 40086 | Depths:2 | 40086 ||| INVOKING Finesse.
 40092 | Depths:2 | 40092 ||| Stepping ~*~*~tactically~*~*~ (hiding).
 40142 | Depths:2 | Identified the +11 chain mail of the Other Side {+Inv rC+}
 40153 | Depths:2 | 40153 ||| Stepping ~*~*~tactically~*~*~ (stealth).
 40159 | Depths:2 | 40159 ||| INVOKING Heroism.
 40183 | Depths:2 | 40183 ||| INVOKING Finesse.
 40214 | Depths:2 | 40214 ||| INVOKING Heroism.
 40223 | Depths:2 | Received a gift from Okawaru
 40276 | Depths:2 | Received a gift from Okawaru
 40291 | Depths:2 | Reached skill level 21 in Fighting
 40307 | Depths:2 | Reached skill level 18 in Shields
 40314 | Depths:2 | 40314 ||| Stepping ~*~*~tactically~*~*~ (hiding).
 40346 | Depths:2 | 40346 ||| INVOKING Finesse.
 40347 | Depths:2 | 40347 ||| INVOKING Finesse.
 40354 | Depths:2 | Received a gift from Okawaru
 40362 | Depths:2 | 40362 ||| INVOKING Heroism.
 40403 | Depths:2 | 40403 ||| INVOKING Heroism.
 40404 | Depths:2 | 40404 ||| INVOKING Finesse.
 40425 | Depths:2 | 40425 ||| Stepping ~*~*~tactically~*~*~ (hiding).
 40462 | Depths:2 | Found a glowing golden altar of the Shining One.
 40463 | Depths:2 | Identified the +8 sling of Nusoack {freeze, rF+}
 40479 | Depths:2 | 40479 ||| READING scroll of acquirement.
 40479 | Depths:2 | 40479 ||| ACQUIRING ring of Qaminott {rF+ MP+9 Dex+2}
 40479 | Depths:2 | Acquired the ring of Qaminott {rF+ MP+9 Dex+2}
 40500 | Depths:2 | 40500 ||| Stepping ~*~*~tactically~*~*~ (stealth).
 40518 | Depths:2 | 40518 ||| Stepping ~*~*~tactically~*~*~ (stealth).
 40520 | Depths:2 | 40520 ||| Stepping ~*~*~tactically~*~*~ (hiding).
 40531 | Depths:2 | 40531 ||| Stepping ~*~*~tactically~*~*~ (hiding).
 40677 | Depths:2 | 40677 ||| Stepping ~*~*~tactically~*~*~ (stealth).
 40683 | Depths:2 | 40683 ||| Stepping ~*~*~tactically~*~*~ (hiding).
 40692 | Depths:2 | 40692 ||| Stepping ~*~*~tactically~*~*~ (hiding).
 40695 | Depths:2 | 40695 ||| Stepping ~*~*~tactically~*~*~ (hiding).
 40698 | Depths:2 | 40698 ||| Stepping ~*~*~tactically~*~*~ (hiding).
 40699 | Depths:2 | 40699 ||| INVOKING Heroism.
 40700 | Depths:2 | 40700 ||| INVOKING Finesse.
 40809 | Depths:2 | 40809 ||| Stepping ~*~*~tactically~*~*~ (stealth).
 40811 | Depths:2 | 40811 ||| Stepping ~*~*~tactically~*~*~ (hiding).
 41020 | Depths:2 | 41020 ||| INVOKING Heroism.
 41033 | Depths:2 | Received a gift from Okawaru
 41035 | Depths:2 | Reached skill level 12 in Throwing
 41130 | Depths:2 | Found a one-way gate leading to the halls of Pandemonium.
 41179 | Depths:2 | Found a one-way gate to the infinite horrors of the Abyss.
 41274 | Depths:3 | 41274 ||| INVOKING Heroism.
 41275 | Depths:3 | 41275 ||| INVOKING Finesse.
 41278 | Depths:3 | Noticed Grunn
 41302 | Depths:3 | Killed Grunn
 41317 | Depths:3 | Received a gift from Okawaru
 41416 | Depths:3 | 41416 ||| DROPPING +0 vorpal broad axe.
 41470 | Depths:3 | Identified the +9 glaive "Wosusoic" {vorpal, Dex+5}
 41471 | Depths:3 | 41471 ||| Stepping ~*~*~tactically~*~*~ (hiding).
 41472 | Depths:3 | 41472 ||| Stepping ~*~*~tactically~*~*~ (hiding).
 41487 | Depths:3 | 41487 ||| FLEEEEING.
 41488 | Depths:3 | 41488 ||| FLEEEEING.
 41494 | Depths:3 | 41494 ||| FLEEEEING.
 41495 | Depths:3 | 41495 ||| FLEEEEING.
 41496 | Depths:3 | 41496 ||| INVOKING Finesse.
 41527 | Depths:3 | Noticed a golden dragon
 41528 | Depths:3 | 41528 ||| INVOKING Heroism.
 41530 | Depths:3 | 41530 ||| INVOKING Finesse.
 41536 | Depths:3 | Killed a golden dragon
 41537 | Depths:3 | Reached skill level 22 in Fighting
 41590 | Depths:3 | 41590 ||| Stepping ~*~*~tactically~*~*~ (stealth).
 41597 | Depths:3 | Reached XP level 23. HP: 162/162 MP: 30/30
 41597 | Depths:3 | 41597 ||| INVOKING Heroism.
 41674 | Depths:3 | 41674 ||| Stepping ~*~*~tactically~*~*~ (hiding).
 41679 | Depths:3 | 41679 ||| INVOKING Heroism.
 41680 | Depths:3 | 41680 ||| INVOKING Finesse.
 41715 | Depths:3 | 41715 ||| Stepping ~*~*~tactically~*~*~ (stealth).
 41720 | Depths:3 | Paralysed by a sphinx for 5 turns
 41768 | Depths:3 | 41768 ||| Stepping ~*~*~tactically~*~*~ (hiding).
 41769 | Depths:3 | 41769 ||| INVOKING Heroism.
 41770 | Depths:3 | 41770 ||| Stepping ~*~*~tactically~*~*~ (hiding).
 41772 | Depths:3 | 41772 ||| INVOKING Finesse.
 41804 | Depths:3 | Noticed Parghit
 41852 | Depths:3 | Parghit changed into Parghit the shapeshifter
 41856 | Depths:3 | 41856 ||| INVOKING Heroism.
 41972 | Depths:3 | Found a bloodstained altar of Trog.
 42048 | Depths:3 | 42048 ||| Stepping ~*~*~tactically~*~*~ (stealth).
 42049 | Depths:3 | 42049 ||| Stepping ~*~*~tactically~*~*~ (stealth).
 42051 | Depths:3 | 42051 ||| Stepping ~*~*~tactically~*~*~ (stealth).
 42224 | Depths:3 | 42224 ||| Stepping ~*~*~tactically~*~*~ (hiding).
 42338 | Depths:3 | Found Lamifu's Jewellery Shop.
 42341 | Depths:3 | 42341 ||| BUYING ring of resist corrosion (280 gold).
 42341 | Depths:3 | Bought a ring of resist corrosion for 280 gold pieces
 42531 | Depths:3 | 42531 ||| INVOKING Heroism.
 42532 | Depths:3 | 42532 ||| INVOKING Finesse.
 42567 | Depths:3 | You are sucked into a shaft and drop 1 floor!
 42567 | Depths:4 | Entered Level 4 of the Depths
 42578 | Depths:4 | 42578 ||| INVOKING Heroism.
 42579 | Depths:4 | 42579 ||| INVOKING Finesse.
 42580 | Depths:4 | Noticed a caustic shrike
 42581 | Depths:4 | Noticed a caustic shrike
 42584 | Depths:4 | Noticed a caustic shrike
 42591 | Depths:4 | Killed a caustic shrike
 42595 | Depths:4 | Noticed a caustic shrike
 42598 | Depths:4 | Killed a caustic shrike
 42605 | Depths:4 | Killed a caustic shrike
 42608 | Depths:4 | Killed a caustic shrike
 42695 | Depths:4 | 42695 ||| STAIRDANCE
 42702 | Depths:4 | 42702 ||| INVOKING Heroism.
 42706 | Depths:4 | Received a gift from Okawaru
 42749 | Depths:4 | Found Kaukiwom's Distillery.
 42762 | Depths:4 | 42762 ||| BUYING potion of attraction (60 gold).
 42762 | Depths:4 | Bought a potion of attraction for 60 gold pieces
 42762 | Depths:4 | 42762 ||| BUYING potion of curing (60 gold).
 42762 | Depths:4 | Bought a potion of curing for 60 gold pieces
 42762 | Depths:4 | 42762 ||| BUYING potion of curing (60 gold).
 42762 | Depths:4 | Bought a potion of curing for 60 gold pieces
 42762 | Depths:4 | 42762 ||| BUYING potion of heal wounds (100 gold).
 42762 | Depths:4 | Bought a potion of heal wounds for 100 gold pieces
 42762 | Depths:4 | 42762 ||| BUYING potion of heal wounds (100 gold).
 42762 | Depths:4 | Bought a potion of heal wounds for 100 gold pieces
 42762 | Depths:4 | 42762 ||| BUYING potion of might (80 gold).
 42762 | Depths:4 | Bought a potion of might for 80 gold pieces
 42762 | Depths:4 | 42762 ||| BUYING potion of might (80 gold).
 42762 | Depths:4 | Bought a potion of might for 80 gold pieces
 42762 | Depths:4 | 42762 ||| BUYING potion of mutation (160 gold).
 42762 | Depths:4 | Bought a potion of mutation for 160 gold pieces
 42762 | Depths:4 | 42762 ||| BUYING potion of mutation (160 gold).
 42762 | Depths:4 | Bought a potion of mutation for 160 gold pieces
 42776 | Depths:4 | Found a one-way gateway to a ziggurat.
 42777 | Depths:4 | 42777 ||| Stepping ~*~*~tactically~*~*~ (stealth).
 42996 | Depths:4 | Noticed Boris
 42997 | Depths:4 | 42997 ||| INVOKING Heroism.
 42998 | Depths:4 | 42998 ||| INVOKING Finesse.
 43015 | Depths:4 | 43015 ||| READING 7 scrolls of teleportation.
 43016 | Depths:4 | 43016 ||| Stepping randomly (stuck).
 43055 | Depths:4 | 43055 ||| INVOKING Heroism.
 43073 | Depths:4 | 43073 ||| Stepping ~*~*~tactically~*~*~ (hiding).
 43082 | Depths:4 | 43082 ||| INVOKING Finesse.
 43096 | Depths:4 | 43096 ||| Stepping ~*~*~tactically~*~*~ (hiding).
 43113 | Depths:4 | 43113 ||| Stepping ~*~*~tactically~*~*~ (stealth).
 43116 | Depths:4 | 43116 ||| Stepping ~*~*~tactically~*~*~ (hiding).
 43119 | Depths:4 | 43119 ||| INVOKING Heroism.
 43138 | Depths:4 | 43138 ||| Stepping ~*~*~tactically~*~*~ (hiding).
 43139 | Depths:4 | 43139 ||| Stepping ~*~*~tactically~*~*~ (hiding).
 43151 | Depths:4 | Killed Boris
 43416 | Depths:4 | 43416 ||| Stepping ~*~*~tactically~*~*~ (cloud).
 43432 | Depths:4 | Reached skill level 23 in Fighting
 43522 | Depths:4 | Found a gate to the Realm of Zot.
 43600 | Depths:4 | Found a radiant altar of Vehumet.
 43674 | Depths:4 | 43674 ||| PLANNING VAULTS:5
 43719 | Depths:2 | 43719 ||| Stepping ~*~*~tactically~*~*~ (hiding).
 44078 | Vaults:5 | Entered Level 5 of the Vaults
 44079 | Vaults:5 | 44079 ||| STAIRDANCE
 44099 | Vaults:5 | 44099 ||| STAIRDANCE
 44101 | Vaults:4 | 44101 ||| INVOKING Heroism.
 44117 | Vaults:5 | 44117 ||| STAIRDANCE
 44172 | Vaults:5 | 44172 ||| STAIRDANCE
 44173 | Vaults:5 | 44173 ||| INVOKING Heroism.
 44174 | Vaults:5 | 44174 ||| INVOKING Finesse.
 44180 | Vaults:5 | Received a gift from Okawaru
 44205 | Vaults:5 | HP: 26/166 [titan (26)]
 44206 | Vaults:5 | 44206 ||| READING 7 scrolls of teleportation.
 44207 | Vaults:5 | 44207 ||| DRINKING 15 potions of heal wounds.
 44207 | Vaults:5 | Mangled by a titan

Levels and vault maps discovered:
D:1:      wander_arrival_estate, layout_basic, serial_bayou_pond_b
D:2:      layout_loops_ring, shapermc_ecumenical_altar_pompeii, serial_shops,
          shop, shop, basic_altar, grunt_ministairs_15
D:3:      minmay_door_path, layout_loops_corners,
          chequers_temple_overflow_minitemple, serial_shops, shop,
          chequers_hall_statues_corner_a, kennysheep_jessica_study
D:4:      layout_loops_corners, serial_shops, shop,
          nicolae_ossuary_entry_false_entrances, uniq_menkaure
D:5:      kennysheep_spiral_hall, layout_loops_corners,
          minmay_temple_entry_mist, minmay_shop_damaged
D:6:      layout_basic
D:7:      layout_rooms, gammafunk_ghost_split, corexii_hall_statues_s,
          nicolae_shop_fire_sale [nicolae_sub_dead_trees],
          minmay_unpleasant_kobolds
D:8:      layout_loops_cross, serial_shops, shop_coins, grunt_ministairs_8,
          kennysheep_generic_room_12
D:9:      layout_roguey, lemuel_coloured_pillars_altar,
          grunt_lair_entry_orc_guard_hut
D:10:     layout_long_grid, mainiacjoe_overflow_catwalk,
          nemelex_xobeh_ov_fountains_minmay, zombieorc1_lemuel,
          nicolae_shop_dragon_depot
D:11:     layout_gridville, nicolae_trove_entry_columns
D:12:     nzn_winding_woodlands_medium [nzn_winding_woodlands_5x5_cross,
          nzn_winding_woodlands_5x15_split_checker,
          nzn_winding_woodlands_5x5_three,
          nzn_winding_woodlands_5x5_checkerboard,
          nzn_winding_woodlands_center_triple_pond,
          nzn_winding_woodlands_5x5_closed_star,
          nzn_winding_woodlands_5x5_open_star,
          nzn_winding_woodlands_5x15_concentric,
          nzn_winding_woodlands_5x5_perimeter], layout_stronghold
D:13:     layout_layer_cave, skrybe_vaults_entry_preservation,
          hangedman_ru_absence
D:14:     minmay_triangles_in_corner, layout_loops_ring,
          minmay_misc_feat_columns, gammafunk_ghost_ooze, uniq_roxanne
D:15:     grunt_enter_depths_hoard, layout_basic, nicolae_sif_muna_condensation,
          trog_three_pillars_becter, uniq_josephine
Lair:1:   layout_long_grid, uniq_fannar, uniq_harold
Lair:2:   layout_hall_layers, portal_ice_cave_demonic_guard, basic_altar,
          serial_bayou_shore_b, uniq_amaemon
Lair:3:   layout_chaotic_city, swamp_mist, nicolae_spider_entry_orb_guardian,
          st_stairs_13, chequers_serial_rivers_small_b, grunt_megastairs_2
Lair:4:   layout_roguey, minmay_slime_entry_pillars, enter_volcano_3,
          ebering_ghost_reflecting_pool
Lair:5:   minmay_lair_end_frog_pond, layout_concentric_octagons
Swamp:1:  layout_basic_swamp, nicolae_swamp_very_dense_foliage
Swamp:2:  layout_basic_swamp, evilmike_swamp_ruin_house_5, worms_lemuel
Swamp:3:  layout_basic_swamp, evilmike_swamp_ruin_house_3, swamp_pool4
Swamp:4:  swamp_alternative, layout_basic_swamp, nzn_swamp_dancing_lights,
          infiniplex_staircase_pool_2, uniq_nikola
Spider:1: layout_cave_pods, uniq_azrael, uniq_aizul
Spider:2: layout_spider_delve, einodemon_crawler_minivault, uniq_arachne,
          uniq_kirke
Spider:3: layout_cave_pods, uniq_mlioglotl, uniq_mara
Spider:4: floodkiller_spider_rune_tomb, gammafunk_ghost_split
Orc:1:    layout_caves
Orc:2:    st_orc_open, layout_caves, guppyfry_orc_lava_fort, uniq_donald,
          uniq_sonja
Vaults:1: ontoclasm_vaults_pinch, hangedman_vaults_slice, v_misc_32, v_misc_27,
          nicolae_vaults_little_squares_4, dpeg_vaults_monster_box,
          ontoclasm_vaults_ligature, hangedman_vaults_corner_blocks,
          vaults_mumra_hexcomb, grunt_vaults_focal, vaults_dpeg_encased_lava,
          nicolae_vaults_sealed_display, vaults_dpeg_hooks,
          layout_vaults_big_room, serial_shops, nicolae_lakefront_shop
Vaults:2: hangedman_vaults_river_flow, minmay_crypt_entry_simple_sparse,
          vaults_dpeg_ring, nicolae_vaults_c_with_doors, vaults_mumra_chevron,
          nicolae_vaults_theta, grunt_vaults_hallway_short,
          layout_vaults_omnigrid
Vaults:3: ontoclasm_vaults_decontamination, v_misc_4, st_star,
          hangedman_vaults_stream, v_misc_17, v_misc_18,
          vaults_dpeg_emergency_exit, grunt_vaults_hallway_short,
          grunt_vaults_diagonal, v_misc_22, v_misc_17, v_misc_33,
          layout_vaults_omnicross, serial_shops, bzr_entry_dummy, uniq_mennas,
          uniq_margery
Vaults:4: grunt_tower_of_power, nicolae_vaults_ring_of_whatevers,
          nicolae_vaults_ninety_degrees, nicolae_vaults_little_ls, v_misc_13,
          v_misc_5, grunt_vaults_trifunnel, vaults_room_stairs_pillars,
          vaults_room_large_hall, nicolae_vaults_shelves_hall,
          grunt_vaults_funnel, hangedman_vaults_maws,
          vaults_room_grunt_arrival_checkpoint, layout_vaults_maze
Vaults:5
Depths:1: layout_cave_pools, hangedman_decor_growths, hell_entry,
          minmay_fractal_squares_gapless_7
Depths:2: minmay_the_grid_square_5x5_4x4_mashed
          [minmay_the_grid_square_5x5_beaten_path,
          minmay_the_grid_square_5x5_eight,
          minmay_the_grid_square_5x5_eight_small,
          minmay_the_grid_square_5x5_meh, minmay_the_grid_square_5x5_shrine1,
          minmay_the_grid_square_5x5_prize_itemx,
          minmay_the_grid_square_5x5_prize_gold,
          minmay_the_grid_square_5x5_inset, minmay_the_grid_square_5x5_seven,
          minmay_the_grid_square_5x5_prize_rear_guard,
          minmay_the_grid_square_5x5_prize_pseudospiral,
          minmay_the_grid_square_5x5_tie, minmay_the_grid_square_5x5_two,
          minmay_the_grid_square_5x5_fancy_junction,
          minmay_the_grid_square_5x5_inner_v,
          minmay_the_grid_square_5x5_shuriken], layout_gridville,
          rand_demon_pan_entry_9, abyss_entry_small_statue_room,
          kennysheep_doodads, hell_entry, infiniplex_staircase_diamond
Depths:3: minmay_textured_paths, layout_gridlike, serial_shops, kennysheep_mini,
          hellmouth_3, basic_altar, abyss_entry, serial_bayou_shore_b,
          uniq_parghit, uniq_grunn
Depths:4: evilmike_zot_entry_hall, layout_gridlike, enter_ziggurat_b,
          serial_shops, shop, nrook_campfire, serial_sigils,
          serial_sigils_hangedman_leer, serial_sigils_hangedman_carve,
          serial_sigils_hangedman_scratch, serial_sigils_hangedman_gnaw,
          hell_entry, hangedman_abyss_entry_splay, vehumet_crystals, uniq_boris

Skill      XL: |  1  2  3  4  5  6  7  8  9 10 11 12 13 14 15 16 17 18 19 20 21 22 23 |
---------------+----------------------------------------------------------------------+-----
Axes           | 2 3 4 5 6 8 9 11 13 15 16 17 18 | 18.0
Fighting       | 4 5 6 11 12 13 15 17 18 19 22 23 | 23.6
Dodging        | 2 3 4 5 |  5.2
Invocations    | 3 4 7 10 | 10.0
Throwing       | 2 3 4 7 8 9 10 11 12 13 | 13.0
Armour         | 13 14 15 16 17 18 20 21 22 | 22.0
Shields        | 4 5 6 7 12 13 14 15 16 17 18 19 | 19.0

Action                   |  1- 3 |  4- 6 |  7- 9 | 10-12 | 13-15 | 16-18 | 19-21 | 22-24 || total
-------------------------+-------+-------+-------+-------+-------+-------+-------+-------++-------
Melee: War axe           |   113 |   123 |   189 |   231 |    92 |    13 |       |       ||   761
       Broad axe         |       |       |       |       |   724 |   964 |  1141 |   826 ||  3655
       Demon whip        |       |       |       |       |    44 |     6 |       |       ||    50
Throw: Boomerang         |       |       |    40 |    21 |    86 |   198 |    27 |    29 ||   401
       Javelin           |       |       |       |    10 |    39 |    88 |   120 |    35 ||   292
Invok: Heroism           |       |       |    18 |    11 |    36 |    49 |    39 |    21 ||   174
       Finesse           |       |       |       |       |    11 |    18 |    11 |    15 ||    55
  Use: Scroll            |     4 |     6 |     8 |     2 |     9 |    20 |     7 |     3 ||    59
       Potion            |       |     2 |     5 |     1 |       |       |     2 |     1 ||    11
 Stab: Petrified         |       |       |       |       |     2 |       |       |       ||     2
       Petrifying        |       |       |       |       |     1 |       |       |       ||     1
       Confused          |       |       |       |       |       |     7 |     6 |    15 ||    28
       Distracted        |       |       |       |       |       |     1 |     1 |       ||     2
       Paralysed         |       |       |       |       |       |     1 |     2 |     2 ||     5
Armor: Scale mail        |    54 |    46 |    13 |       |       |       |       |       ||   113
       Chain mail        |       |       |    33 |       |       |       |       |       ||    33
       Crystal plate arm |       |       |    54 |   108 |   386 |   432 |   507 |   391 ||  1878
Dodge: Dodged            |    61 |    49 |    46 |    32 |   132 |   122 |   159 |   122 ||   723
Block: Buckler           |    26 |    13 |    83 |    81 |   262 |       |       |       ||   465
       Reflection        |       |       |     7 |     3 |    26 |    20 |    62 |     2 ||   120
       Kite shield       |       |       |       |       |    87 |   613 |   777 |   503 ||  1980

Table legend:
 A = Non-vault XP
 B = Vault XP
 C = Vault XP percentage of total XP
 D = Non-vault monster count
 E = Vault monster count
 F = Vault count percentage of total count
                 A         B        C        D         E       F
            +---------+---------+-------+---------+---------+-------
      Total |  480784 |  335365 |  41.1 |    1173 |     546 |  31.8
            +---------+---------+-------+---------+---------+-------
        D:1 |      13 |       4 |  23.5 |      10 |       3 |  23.1
        D:2 |      97 |      15 |  13.4 |      20 |       2 |   9.1
        D:3 |     251 |      50 |  16.6 |      25 |       6 |  19.4
        D:4 |     430 |     151 |  26.0 |      19 |       1 |   5.0
        D:5 |    1067 |     211 |  16.5 |      30 |       4 |  11.8
        D:6 |     972 |       0 |   0.0 |      19 |       0 |   0.0
        D:7 |    1283 |     102 |   7.4 |      19 |       6 |  24.0
        D:8 |    1914 |     195 |   9.2 |      19 |       2 |   9.5
        D:9 |    1965 |     671 |  25.5 |      22 |       5 |  18.5
       D:10 |    1751 |     740 |  29.7 |      17 |      28 |  62.2
       D:11 |    2369 |       0 |   0.0 |      19 |       0 |   0.0
       D:12 |    4634 |    5333 |  53.5 |      27 |      14 |  34.1
       D:13 |    7418 |    5370 |  42.0 |      19 |       9 |  32.1
       D:14 |   15120 |   10765 |  41.6 |      30 |      17 |  36.2
       D:15 |    5484 |    3237 |  37.1 |      13 |       6 |  31.6
     Lair:1 |    8051 |    1752 |  17.9 |      36 |       2 |   5.3
     Lair:2 |    4734 |    2279 |  32.5 |      14 |       5 |  26.3
     Lair:3 |    8173 |     854 |   9.5 |      26 |       3 |  10.3
     Lair:4 |    5189 |    1655 |  24.2 |      22 |       9 |  29.0
     Lair:5 |   12765 |    8559 |  40.1 |      42 |      34 |  44.7
    Swamp:1 |    8766 |       0 |   0.0 |      23 |       0 |   0.0
    Swamp:2 |   15691 |    2168 |  12.1 |      32 |       9 |  22.0
    Swamp:3 |   12712 |       0 |   0.0 |      26 |       0 |   0.0
    Swamp:4 |    9345 |   18505 |  66.4 |      17 |      28 |  62.2
   Spider:1 |   17894 |    5632 |  23.9 |      54 |      14 |  20.6
   Spider:2 |   12964 |    3446 |  21.0 |      37 |       6 |  14.0
   Spider:3 |   28475 |    6546 |  18.7 |      70 |       2 |   2.8
   Spider:4 |   22675 |   28821 |  56.0 |      55 |      53 |  49.1
      Orc:1 |    3439 |       0 |   0.0 |      27 |       0 |   0.0
      Orc:2 |    7219 |   24096 |  76.9 |      54 |      56 |  50.9
   Vaults:1 |   20591 |   23361 |  53.2 |      31 |      31 |  50.0
   Vaults:2 |   27965 |   15295 |  35.4 |      37 |      22 |  37.3
   Vaults:3 |   31958 |   32550 |  50.5 |      39 |      38 |  49.4
   Vaults:4 |   26415 |   32345 |  55.0 |      41 |      39 |  48.8
   Vaults:5 |    4660 |   14346 |  75.5 |       4 |      14 |  77.8
   Depths:1 |   29199 |    7580 |  20.6 |      42 |       6 |  12.5
   Depths:2 |   49070 |   37860 |  43.6 |      63 |      35 |  35.7
   Depths:3 |   27176 |   27140 |  50.0 |      31 |      25 |  44.6
   Depths:4 |   38787 |   13731 |  26.1 |      38 |      12 |  24.0
    Abyss:2 |    2103 |       0 |   0.0 |       4 |       0 |   0.0
            +---------+---------+-------+---------+---------+-------
